Workbook
Name \Z: #REF!
Name \Z: #REF!
Name \Z: #REF!
Name \Z: #REF!
Name __act2: [2]activity!$A$3:$B$208
Name __cat2: [2]categories!$A$2:$B$226
Name _act2: [2]activity!$A$3:$B$208
Name _cat2: [2]categories!$A$2:$B$226
Name _Red2: [3]Instructions!$A$25
Name a: '[4]JSS-RevReq ALL'!#REF!
Name Account_Range: #REF!
Name acctd: [2]acctDeriv!$A$2:$B$3817
Name AF: #REF!
Name ALL: '[5]A1:M'!$B$1:$M$71
Name AMORT: #REF!
Name Annual_interest_rate: #REF!
Name ASD: #REF!
Name Assumptions: #REF!
Name ATWACC: '[6]Finance Inputs'!$F$33
Name BCC_INC: #REF!
Name begin: #REF!
Name BODY: #REF!
Name BUDDCE: [7]lookups!$C$92:$D$130
Name BUV: #REF!
Name Capital_Account_Range: #REF!
Name Capital_acctd: [2]acctDeriv!$A$2:$B$3817
Name Capital_act2: [2]activity!$A$3:$B$208
Name Capital_ASD: #REF!
Name Capital_BUV: #REF!
Name Capital_cat2: [2]categories!$A$2:$B$226
Name capvar11: 37235.5210915509
Name ceb: #REF!
Name cen: 37845.6296378472
Name Corp_Admin11: #REF!
Name Corp_Admin26: #REF!
Name Corp_Admin33: #REF!
Name Corp_Admin48: #REF!
Name Corp_Admin51: #REF!
Name Corp_Admin52: #REF!
Name Corp_Admin53: #REF!
Name Corp_Admin54: #REF!
Name Corp_Admin55: #REF!
Name Corp_Admin56: #REF!
Name Corp_Admin57: #REF!
Name Corp_Admin58: #REF!
Name Corp_Admin59: #REF!
Name Corp_Admin62: #REF!
Name Corp_Admin63: #REF!
Name Corp_Admin70: #REF!
Name Corp_AdminAD: #REF!
Name Corp_AdminCC: #REF!
Name Corp_AdminPT: #REF!
Name CRIT1: #REF!
Name CRIT2: #REF!
Name CUSTADV: #REF!
Name CWA: #REF!
Name d: #REF!
Name DAILYTRANSACTIONS: #REF!
Name DAILYTRANSPORT: #REF!
Name Date_Lookup: '[8]Date Lookup'!$A$3:$B$15

Sheet OthOpRev451_454_456
A1: IDAHO POWER COMPANY
A2: OTHER OPERATING REVENUES
A3: For Twelve Months Ended December 31, 2025
A7: -1 | C7: -2 | E7: -3 | G7: -4 | I7: -5 | K7: -6 | M7: -7 | O7: -7 | Q7: -8 | T7: -9 | V7: -11 | X7: -10 | Z7: -13 | AB7: -11
K8: Methodology | T8: 2025
A9: Line | E9: 2024 | G9: 2024 | I9: 2024 | K9: 2024 | M9: 3 Period | R9: Ref | T9: Unadjusted | Z9: Known and | AB9: 2025
A10: No | C10: Description | E10: Actuals | G10: Adjustments | I10: Base | K10: Base | M10: CAGR | O10: Other | Q10: Adjustment | R10: No | T10: Test Year | V10: Normalizing | X10: Annualizing | Z10: Measurable | AB10: Test Year
C12: Miscellaneous service revenues (451)
A13: =A12+1 -> 1 | C13: Idaho | E13: 6753090.1 | G13: 0 | I13: =SUM(E13:G13) -> 6753090.1 | K13: YES | O13: 0 | Q13: =+M13+O13 -> 0 | T13: =+I13+Q13 -> 6753090.1 | X13: 0 | AB13: =+T13+V13+X13+Z13 -> 6753090.1
A14: =A13+1 -> 2 | C14: Oregon | E14: 85702.95 | G14: 0 | I14: =SUM(E14:G14) -> 85702.95 | K14: YES | O14: 0 | Q14: =+M14+O14 -> 0 | T14: =+I14+Q14 -> 85702.95 | X14: 0 | AB14: =+T14+V14+X14+Z14 -> 85702.95
A15: =A14+1 -> 3 | C15: Total Miscellaneous service revenues | E15: =E13+E14 -> 6838793 | G15: =G13+G14 -> 0 | I15: =I13+I14 -> 6838793 | M15: 0 | O15: =O13+O14 -> 0 | Q15: =Q13+Q14 -> 0 | T15: =T13+T14 -> 6838793 | V15: 0 | X15: =X13+X14 -> 0 | Z15: 0 | AB15: =AB13+AB14 -> 6838793
C17: Rent from electric property (454):
A19: =A15+1 -> 4 | C19: Substation equipment | E19: 3195122 | G19: 0 | I19: =SUM(E19:H19) -> 3195122 | K19: YES | M19: 0 | O19: 0 | Q19: =+M19+O19 -> 0 | T19: =+I19+Q19 -> 3195122 | V19: 0 | X19: 0 | Z19: 0 | AB19: =+T19+V19+X19+Z19 -> 3195122
A21: =A19+1 -> 5 | C21: Transformer & distribution rentals | E21: 17330 | G21: 0 | I21: =SUM(E21:H21) -> 17330 | K21: YES | M21: 0 | O21: 0 | Q21: =+M21+O21 -> 0 | T21: =+I21+Q21 -> 17330 | V21: 0 | X21: 0 | Z21: 0 | AB21: =+T21+V21+X21+Z21 -> 17330
C23: Cogeneration and small power production | M23: 0
A24: =A21+1 -> 6 | C24: Idaho | E24: 1690890.4 | G24: 0 | I24: =SUM(E24:G24) -> 1690890.4 | O24: 4824 | Q24: =+M24+O24 -> 4824 | T24: =+I24+Q24 -> 1695714.4 | X24: 0 | AB24: =+T24+V24+X24+Z24 -> 1695714.4
A25: =A24+1 -> 7 | C25: Oregon | E25: 284183.21 | G25: 0 | I25: =SUM(E25:G25) -> 284183.21 | K25: YES | O25: 0 | Q25: =+M25+O25 -> 0 | T25: =+I25+Q25 -> 284183.21 | X25: 0 | AB25: =+T25+V25+X25+Z25 -> 284183.21
A26: =A25+1 -> 8 | C26: Total Cogeneration and small power production | E26: =E24+E25 -> 1975073.6 | G26: =G24+G25 -> 0 | I26: =I24+I25 -> 1975073.6 | M26: 0 | O26: =O24+O25 -> 4824 | Q26: =Q24+Q25 -> 4824 | T26: =T24+T25 -> 1979897.6 | V26: 0 | X26: =X24+X25 -> 0 | Z26: 0 | AB26: =AB24+AB25 -> 1979897.6
C28: Real estate rents
A29: =A26+1 -> 9 | C29: Idaho | E29: 394597.77 | G29: 0 | I29: =SUM(E29:G29) -> 394597.77 | K29: YES | O29: 0 | Q29: =+M29+O29 -> 0 | T29: =+I29+Q29 -> 394597.77 | X29: 0 | AB29: =+T29+V29+X29+Z29 -> 394597.77
A30: =A29+1 -> 10 | C30: Oregon | E30: 39316.3 | G30: 0 | I30: =SUM(E30:G30) -> 39316.3 | K30: YES | O30: 0 | Q30: =+M30+O30 -> 0 | T30: =+I30+Q30 -> 39316.3 | X30: 0 | AB30: =+T30+V30+X30+Z30 -> 39316.3
A31: =A30+1 -> 11 | C31: Total Real estate rents | E31: =E29+E30 -> 433914.07 | G31: =G29+G30 -> 0 | I31: =I29+I30 -> 433914.07 | M31: 0 | O31: =O29+O30 -> 0 | Q31: =Q29+Q30 -> 0 | T31: =T29+T30 -> 433914.07 | V31: 0 | X31: =X29+X30 -> 0 | Z31: 0 | AB31: =AB29+AB30 -> 433914.07
C33: Joint pole attachments
A34: =A31+1 -> 12 | C34: Idaho | E34: 1755568.4 | G34: 0 | I34: =SUM(E34:G34) -> 1755568.4 | K34: YES | O34: 0 | Q34: =+M34+O34 -> 0 | T34: =+I34+Q34 -> 1755568.4 | X34: 0 | AB34: =+T34+V34+X34+Z34 -> 1755568.4
A35: =A34+1 -> 13 | C35: Oregon | E35: 44983.72 | G35: 0 | I35: =SUM(E35:G35) -> 44983.72 | K35: YES | O35: 0 | Q35: =+M35+O35 -> 0 | T35: =+I35+Q35 -> 44983.72 | X35: 0 | AB35: =+T35+V35+X35+Z35 -> 44983.72
A36: =A35+1 -> 14 | C36: Total Joint pole attachments | E36: =E34+E35 -> 1800552.1 | G36: =G34+G35 -> 0 | I36: =I34+I35 -> 1800552.1 | M36: 0 | O36: =O34+O35 -> 0 | Q36: =Q34+Q35 -> 0 | T36: =T34+T35 -> 1800552.1 | V36: 0 | X36: =X34+X35 -> 0 | Z36: 0 | AB36: =AB34+AB35 -> 1800552.1
C38: Facilities charges
A39: =A36+1 -> 15 | C39: Idaho | E39: 10583594 | G39: 0 | I39: =SUM(E39:G39) -> 10583594 | O39: 545415 | Q39: =+M39+O39 -> 545415 | T39: =+I39+Q39 -> 11129009 | X39: 0 | AB39: =+T39+V39+X39+Z39 -> 11129009
A40: =A39+1 -> 16 | C40: Oregon | E40: 449198.88 | G40: 0 | I40: =SUM(E40:G40) -> 449198.88 | K40: YES | O40: 0 | Q40: =+M40+O40 -> 0 | T40: =+I40+Q40 -> 449198.88 | X40: 0 | AB40: =+T40+V40+X40+Z40 -> 449198.88
A41: =A40+1 -> 17 | C41: Total Facilities charges | E41: =E39+E40 -> 11032793 | G41: =G39+G40 -> 0 | I41: =I39+I40 -> 11032793 | M41: 0 | O41: =O39+O40 -> 545415 | Q41: =Q39+Q40 -> 545415 | T41: =T39+T40 -> 11578208 | V41: 0 | X41: =X39+X40 -> 0 | Z41: 0 | AB41: =AB39+AB40 -> 11578208
A43: =A41+1 -> 18 | C43: Overnight park rents | E43: 921471.11 | G43: 0 | I43: =SUM(E43:H43) -> 921471.11 | K43: YES | M43: 0 | O43: 0 | Q43: =+M43+O43 -> 0 | T43: =+I43+Q43 -> 921471.11 | V43: 0 | X43: 0 | Z43: 0 | AB43: =+T43+V43+X43+Z43 -> 921471.11
A45: =A43+1 -> 19 | C45: Water District payments | E45: 96110.38 | G45: 0 | I45: =SUM(E45:H45) -> 96110.38 | O45: -8745 | Q45: =+M45+O45 -> -8745 | T45: =+I45+Q45 -> 87365.38 | X45: 0 | AB45: =+T45+V45+X45+Z45 -> 87365.38
A47: =A45+1 -> 20 | C47: Miscellaneous | E47: 0 | G47: 0 | I47: =SUM(E47:H47) -> 0 | M47: 0 | O47: 0 | Q47: =+M47+O47 -> 0 | T47: =+I47+Q47 -> 0 | V47: 0 | X47: 0 | Z47: 0 | AB47: =+T47+V47+X47+Z47 -> 0
A49: =A47+1 -> 21 | C49: Total rent from electric property | E49: =E19+E21+E26+E31+E36+E41+E43+E45+E47 -> 19472366 | G49: =G19+G21+G26+G31+G36+G41+G43+G45+G47 -> 0 | I49: =I19+I21+I26+I31+I36+I41+I43+I45+I47 -> 19472366 | M49: =M19+M21+#REF!+M26+M31+#REF!+M36+M41+M43+M45+M47 -> #REF! | N49: =N19+N21+#REF!+N26+N31+#REF!+N36+N41+N43+N45+N47 -> #REF! | O49: =O19+O21+O26+O31+O36+O41+O43+O45+O47 -> 541494 | Q49: =Q19+Q21+Q26+Q31+Q36+Q41+Q43+Q45+Q47 -> 541494 | T49: =T19+T21+T26+T31+T36+T41+T43+T45+T47 -> 20013860 | V49: =V19+V21+#REF!+V26+V31+#REF!+V36+V41+V43+V45+V47 -> #REF! | W49: =W19+W21+#REF!+W26+W31+#REF!+W36+W41+W43+W45+W47 -> #REF! | X49: =X19+X21+X26+X31+X36+X41+X43+X45+X47 -> 0 | Z49: =Z19+Z21+#REF!+Z26+Z31+#REF!+Z36+Z41+Z43+Z45+Z47 -> #REF! | AA49: =AA19+AA21+#REF!+AA26+AA31+#REF!+AA36+AA41+AA43+AA45+AA47 -> #REF! | AB49: =AB19+AB21+AB26+AB31+AB36+AB41+AB43+AB45+AB47 -> 20013860
C52: Other electric revenue (456):
A54: =A49+1 -> 22 | C54: Network Service | E54: 11487773 | G54: 0 | I54: =+E54+G54 -> 11487773 | M54: 0 | O54: 275765 | Q54: =+M54+O54 -> 275765 | T54: =+I54+Q54 -> 11763538 | V54: 0 | X54: 0 | Z54: 0 | AB54: =+T54+V54+X54+Z54 -> 11763538
A56: =A54+1 -> 23 | C56: Point - to - Point and other services | E56: 55863562 | G56: 0 | I56: =+E56+G56 -> 55863562 | M56: 0 | O56: -1444646 | Q56: =+M56+O56 -> -1444646 | T56: =+I56+Q56 -> 54418916 | V56: 0 | X56: 0 | Z56: 0 | AB56: =+T56+V56+X56+Z56 -> 54418916
A58: =A56+1 -> 24 | C58: Photovoltaic | E58: 0 | G58: 0 | I58: =+E58+G58 -> 0 | K58: YES | M58: 0 | O58: 0 | Q58: =+M58+O58 -> 0 | T58: =+I58+Q58 -> 0 | V58: 0 | X58: 0 | Z58: 0 | AB58: =+T58+V58+X58+Z58 -> 0
A60: =A58+1 -> 25 | C60: Antelope | E60: 0 | G60: 0 | I60: =+E60+G60 -> 0 | K60: YES | M60: 0 | O60: 0 | Q60: =+M60+O60 -> 0 | T60: =+I60+Q60 -> 0 | V60: 0 | X60: 0 | Z60: 0 | AB60: =+T60+V60+X60+Z60 -> 0
V61: 0 | Z61: 0
A62: =A60+1 -> 26 | C62: Sierra Pacific Power Company sales | E62: 735704.96 | G62: 0 | I62: =+E62+G62 -> 735704.96 | M62: 0 | O62: -657857 | Q62: =+M62+O62 -> -657857 | T62: =+I62+Q62 -> 77847.96 | V62: 0 | X62: 0 | Z62: 0 | AB62: =+T62+V62+X62+Z62 -> 77847.96
A64: =A62+1 -> 27 | C64: Stand-by service | E64: 1158065.2 | G64: 0 | I64: =+E64+G64 -> 1158065.2 | K64: YES | M64: 0 | O64: 0 | Q64: =+M64+O64 -> 0 | T64: =+I64+Q64 -> 1158065.2 | V64: 0 | X64: 0 | Z64: 0 | AB64: =+T64+V64+X64+Z64 -> 1158065.2
A66: =A64+1 -> 28 | C66: Energy efficiency rider | E66: 27580701 | G66: =-E66 -> -27580701 | I66: =+E66+G66 -> 0 | K66: YES | M66: 0 | O66: 0 | T66: =+I66+Q66 -> 0 | V66: 0 | X66: 0 | Z66: 0 | AB66: =+T66+V66+X66+Z66 -> 0
A68: =A66+1 -> 29 | C68: Miscellaneous | E68: 1862.79 | G68: 0 | I68: =+E68+G68 -> 1862.79 | K68: YES | M68: 0 | O68: 0 | Q68: =+M68+O68 -> 0 | T68: =+I68+Q68 -> 1862.79 | V68: 0 | X68: 0 | Z68: 0 | AB68: =+T68+V68+X68+Z68 -> 1862.79
A70: =A68+1 -> 30 | C70: Total other electric revenue | E70: =SUM(E54:E68) -> 96827670 | G70: =SUM(G54:G69) -> -27580701 | I70: =SUM(I54:I69) -> 69246968 | M70: =SUM(M54:M69) -> 0 | O70: =SUM(O54:O69) -> -1826738 | Q70: =SUM(Q54:Q69) -> -1826738 | T70: =SUM(T54:T69) -> 67420230 | V70: =SUM(V54:V69) -> 0 | X70: =SUM(X54:X69) -> 0 | Z70: =SUM(Z54:Z69) -> 0 | AB70: =SUM(AB54:AB69) -> 67420230
A72: =A70+1 -> 31 | C72: Total other operating revenues | E72: =E15+E49+E70 -> 1.2313883e+08 | G72: =G15+G49+G70 -> -27580701 | I72: =I15+I49+I70 -> 95558128 | M72: =M15+M49+M70 -> #REF! | O72: =O15+O49+O70 -> -1285244 | Q72: =Q15+Q49+Q70 -> -1285244 | R72: A | T72: =T15+T49+T70 -> 94272884 | V72: =V15+V49+V70 -> #REF! | X72: =X15+X49+X70 -> 0 | Z72: =Z15+Z49+Z70 -> #REF! | AB72: =AB15+AB49+AB70 -> 94272884

Sheet OthRevExp415_416
A1: IDAHO POWER COMPANY
A2: OTHER REVENUES AND EXPENSES
A3: =+OthOpRev451_454_456!A3 -> For Twelve Months Ended December 31, 2025
A7: -1 | C7: -2 | E7: -3 | G7: -4 | I7: -5 | K7: -6 | M7: -7 | O7: -7 | Q7: -8 | T7: -9 | V7: -11 | X7: -10 | Z7: -13 | AB7: -11
K8: Methodology | T8: 2025
A9: Line | E9: 2024 | G9: 2024 | I9: 2024 | K9: 2024 | M9: 3 Period | R9: Ref | T9: Unadjusted | Z9: Known and | AB9: 2025
A10: No | C10: Program | E10: Actuals | G10: Adjustments | I10: Base | K10: Base | M10: CAGR | O10: Other | Q10: Adjustment | R10: No | T10: Test Year | V10: Normalizing | X10: Annualizing | Z10: Measurable | AB10: Test Year
A12: Other Revenues (Acct 415):
A14: 1 | C14: Power Solutions | E14: 9153.19 | G14: 0 | I14: =SUM(E14:H14) -> 9153.19 | K14: YES | M14: 0 | O14: 0 | Q14: =+M14+O14 -> 0 | T14: =+I14+Q14 -> 9153.19 | V14: 0 | X14: 0 | Z14: 0 | AB14: =+T14+V14+X14+Z14 -> 9153.19
A16: =A14+1 -> 2 | C16: Hydro Services | E16: 5418.54 | G16: 0 | I16: =SUM(E16:H16) -> 5418.54 | K16: YES | M16: 0 | O16: 0 | Q16: =+M16+O16 -> 0 | T16: =+I16+Q16 -> 5418.54 | V16: 0 | X16: 0 | Z16: 0 | AB16: =+T16+V16+X16+Z16 -> 5418.54
A18: =A16+1 -> 3 | C18: Water Management Services | E18: 23358 | G18: 0 | I18: =SUM(E18:H18) -> 23358 | K18: YES | M18: 0 | O18: 0 | Q18: =+M18+O18 -> 0 | T18: =+I18+Q18 -> 23358 | V18: 0 | X18: 0 | Z18: 0 | AB18: =+T18+V18+X18+Z18 -> 23358
A20: =+A18+1 -> 4 | C20: Qualified Reporting Entity Svcs | E20: 7790 | G20: 0 | I20: =SUM(E20:H20) -> 7790 | K20: YES | M20: 0 | O20: 0 | Q20: =+M20+O20 -> 0 | T20: =+I20+Q20 -> 7790 | V20: 0 | X20: 0 | Z20: 0 | AB20: =+T20+V20+X20+Z20 -> 7790
A22: =+A20+1 -> 5 | C22: Operating Agreements | E22: 3669744 | G22: 0 | I22: =SUM(E22:H22) -> 3669744 | K22: YES | O22: 0 | Q22: =+M22+O22 -> 0 | T22: =+I22+Q22 -> 3669744 | X22: 0 | AB22: =+T22+V22+X22+Z22 -> 3669744
A24: =+A22+1 -> 6 | C24: Joint Use (Pole) - Idaho | E24: 660674.49 | G24: 0 | I24: =SUM(E24:H24) -> 660674.49 | M24: 0 | O24: =774298.96-I24 -> 113624.47 | Q24: =+M24+O24 -> 113624.47 | T24: =+I24+Q24 -> 774298.96 | V24: 0 | X24: 0 | Z24: 0 | AB24: =+T24+V24+X24+Z24 -> 774298.96
A26: =A24+1 -> 7 | C26: Joint Use (Pole) - Oregon | E26: 0 | G26: 0 | I26: =SUM(E26:H26) -> 0 | M26: 0 | O26: =5778.66 -> 5778.66 | Q26: =+M26+O26 -> 5778.66 | T26: =+I26+Q26 -> 5778.66 | V26: 0 | X26: 0 | Z26: 0 | AB26: =+T26+V26+X26+Z26 -> 5778.66
A28: =A26+1 -> 8 | C28: Total | E28: =SUM(E14:E27) -> 4376138.2 | G28: =SUM(G14:G27) -> 0 | I28: =SUM(I14:I27) -> 4376138.2 | M28: =SUM(M14:M27) -> 0 | O28: =SUM(O14:O27) -> 119403.13 | Q28: =SUM(Q14:Q27) -> 119403.13 | R28: B | T28: =SUM(T14:T27) -> 4495541.3 | V28: =SUM(V14:V27) -> 0 | X28: =SUM(X14:X27) -> 0 | Z28: =SUM(Z14:Z27) -> 0 | AB28: =SUM(AB14:AB27) -> 4495541.3
A32: Other Expenses (Acct 416):
A34: =+A28+1 -> 9 | C34: Power Solutions | E34: 97006.12 | G34: 0 | I34: =SUM(E34:H34) -> 97006.12 | K34: YES | M34: 0 | O34: 0 | Q34: =+M34+O34 -> 0 | T34: =+I34+Q34 -> 97006.12 | V34: 0 | X34: 0 | Z34: 0 | AB34: =+T34+V34+X34+Z34 -> 97006.12
A36: =+A34+1 -> 10 | C36: Hydro Services | E36: 26333.96 | G36: 0 | I36: =SUM(E36:H36) -> 26333.96 | K36: YES | M36: 0 | O36: 0 | Q36: =+M36+O36 -> 0 | T36: =+I36+Q36 -> 26333.96 | V36: 0 | X36: 0 | Z36: 0 | AB36: =+T36+V36+X36+Z36 -> 26333.96
A38: =A36+1 -> 11 | C38: Water Management Services | E38: 10373.79 | G38: 0 | I38: =SUM(E38:H38) -> 10373.79 | K38: YES | M38: 0 | O38: 0 | Q38: =+M38+O38 -> 0 | T38: =+I38+Q38 -> 10373.79 | V38: 0 | X38: 0 | Z38: 0 | AB38: =+T38+V38+X38+Z38 -> 10373.79
A40: =+A38+1 -> 12 | C40: Qualified Reporting Entity Svcs | E40: 3924.47 | G40: 0 | I40: =SUM(E40:H40) -> 3924.47 | K40: YES | M40: 0 | O40: 0 | Q40: =+M40+O40 -> 0 | T40: =+I40+Q40 -> 3924.47 | V40: 0 | X40: 0 | Z40: 0 | AB40: =+T40+V40+X40+Z40 -> 3924.47
A42: =+A40+1 -> 13 | C42: Operating Agreements | E42: 3669744 | G42: 0 | I42: =SUM(E42:H42) -> 3669744 | K42: YES | O42: 0 | Q42: =+M42+O42 -> 0 | T42: =+I42+Q42 -> 3669744 | X42: 0 | AB42: =+T42+V42+X42+Z42 -> 3669744
A44: =+A42+1 -> 14 | C44: Joint Use - Idaho | E44: 1611008.1 | G44: 0 | I44: =SUM(E44:H44) -> 1611008.1 | M44: 0 | O44: =1739663.31-I44 -> 128655.24 | Q44: =+M44+O44 -> 128655.24 | T44: =+I44+Q44 -> 1739663.3 | V44: 0 | X44: 0 | Z44: 0 | AB44: =+T44+V44+X44+Z44 -> 1739663.3
A46: =A44+1 -> 15 | C46: Joint Use - Oregon | E46: 0 | G46: 0 | I46: =SUM(E46:H46) -> 0 | K46: YES | M46: 0 | O46: 0 | Q46: =+M46+O46 -> 0 | T46: =+I46+Q46 -> 0 | V46: 0 | X46: 0 | Z46: 0 | AB46: =+T46+V46+X46+Z46 -> 0
A48: =A46+1 -> 16 | C48: Total | E48: =SUM(E34:E47) -> 5418390.4 | G48: =SUM(G34:G47) -> 0 | I48: =SUM(I34:I47) -> 5418390.4 | M48: =SUM(M34:M47) -> 0 | O48: =SUM(O34:O47) -> 128655.24 | Q48: =SUM(Q34:Q47) -> 128655.24 | R48: C | T48: =SUM(T34:T47) -> 5547045.7 | V48: =SUM(V34:V47) -> 0 | X48: =SUM(X34:X47) -> 0 | Z48: =SUM(Z34:Z47) -> 0 | AB48: =SUM(AB34:AB47) -> 5547045.7

Sheet O&M YTD Act
A1: IDAHO POWER COMPANY
A2: OPERATION AND MAINTENANCE EXPENSES
A3: =OthOpRev451_454_456!A3 -> For Twelve Months Ended December 31, 2025
A7: -1 | C7: -2 | E7: -3 | G7: -4 | I7: -5 | K7: -6 | M7: -7 | O7: -8 | Q7: -8 | S7: -9 | V7: -10 | X7: -12 | Z7: -11 | AB7: -14 | AD7: -12
C8: FERC | M8: Methodology | V8: 2025
A9: LINE | C9: ACCOUNT | G9: 2024 | I9: 2024 | K9: 2024 | M9: 2024 | O9: 3 Period | T9: Ref | V9: Unadjusted | AB9: Known and | AD9: 2025
A10: NO | C10: NUMBER | E10: DESCRIPTION | G10: Actuals | I10: Adjustments | K10: Base | M10: Base | O10: CAGR | Q10: Other | S10: Adjustment | T10: No | V10: Test Year | X10: Normalizing | Z10: Annualizing | AB10: Measurable | AD10: Test Year
C11: Power production expenses:
C12: Steam power generation -
C13: Operation -
A14: 1 | C14: 500 | E14: Oper and supv engineering | G14: 954515.64 | I14: -283105 | K14: =SUM(G14:J14) -> 671410.64 | O14: 0 | Q14: 1123 | S14: =+M14+Q14 -> 1123 | V14: =+K14+S14 -> 672533.64 | X14: 0 | Z14: 8760 | AB14: 0 | AD14: =+V14+X14+Z14+AB14 -> 681293.64
A15: 2 | C15: 501 | E15: Fuel | G15: 0 | I15: 0 | K15: =SUM(G15:J15) -> 0 | O15: =-M15 -> 0 | Q15: 0 | S15: =+M15+Q15 -> 0 | V15: =+K15+S15 -> 0 | X15: 0 | Z15: 0 | AB15: 0 | AD15: =+V15+X15+Z15+AB15 -> 0
A16: 3 | C16: 502 | E16: Steam expenses | G16: 8856795.5 | I16: -4095143 | K16: =SUM(G16:J16) -> 4761652.5 | O16: 0 | Q16: 0 | S16: =+M16+Q16 -> 0 | V16: =+K16+S16 -> 4761652.5 | X16: 0 | Z16: 0 | AB16: 0 | AD16: =+V16+X16+Z16+AB16 -> 4761652.5
A17: 4 | C17: 505 | E17: Electric expenses | G17: 1752548.6 | I17: 0 | K17: =SUM(G17:J17) -> 1752548.6 | O17: 0 | Q17: 0 | S17: =+M17+Q17 -> 0 | V17: =+K17+S17 -> 1752548.6 | X17: 0 | Z17: 0 | AB17: 0 | AD17: =+V17+X17+Z17+AB17 -> 1752548.6
A18: 5 | C18: 506 | E18: Misc steam power expenses | G18: 8027359.5 | I18: -6754326 | K18: =SUM(G18:J18) -> 1273033.5 | O18: 0 | Q18: 28 | S18: =+M18+Q18 -> 28 | V18: =+K18+S18 -> 1273061.5 | X18: 0 | Z18: 217 | AB18: 0 | AD18: =+V18+X18+Z18+AB18 -> 1273278.5
A19: 6 | C19: 507 | E19: Rents | G19: 223831.62 | I19: -223832 | K19: =SUM(G19:J19) -> -0.38 | O19: 0 | Q19: 0 | S19: =+M19+Q19 -> 0 | V19: =+K19+S19 -> -0.38 | X19: 0 | Z19: 0 | AB19: 0 | AD19: =+V19+X19+Z19+AB19 -> -0.38
A21: 7 | C21: Total operation | G21: =SUM(G14:G20) -> 19815051 | I21: =SUM(I14:I20) -> -11356406 | K21: =SUM(K14:K20) -> 8458644.9 | O21: =SUM(O14:O20) -> 0 | Q21: =SUM(Q14:Q20) -> 1151 | S21: =SUM(S14:S20) -> 1151 | V21: =SUM(V14:V20) -> 8459795.9 | X21: =SUM(X14:X20) -> 0 | Z21: =SUM(Z14:Z20) -> 8977 | AB21: =SUM(AB14:AB20) -> 0 | AD21: =SUM(AD14:AD20) -> 8468772.9
C23: Maintenance -
A24: 8 | C24: 510 | E24: Main supv and engineering | G24: 52860.97 | I24: -52861 | K24: =SUM(G24:J24) -> -0.03 | O24: 0 | Q24: 0 | S24: =+M24+Q24 -> 0 | V24: =+K24+S24 -> -0.03 | X24: 0 | Z24: 0 | AB24: 0 | AD24: =+V24+X24+Z24+AB24 -> -0.03
A25: 9 | C25: 511 | E25: Main of structures | G25: 355730.84 | I25: 0 | K25: =SUM(G25:J25) -> 355730.84 | O25: 0 | Q25: 0 | S25: =+M25+Q25 -> 0 | V25: =+K25+S25 -> 355730.84 | X25: 0 | Z25: 0 | AB25: 0 | AD25: =+V25+X25+Z25+AB25 -> 355730.84
A26: 10 | C26: 512 | E26: Main of boiler plant | G26: 8521483.3 | I26: -6614610 | K26: =SUM(G26:J26) -> 1906873.3 | O26: 0 | Q26: 0 | S26: =+M26+Q26 -> 0 | V26: =+K26+S26 -> 1906873.3 | X26: 0 | Z26: 0 | AB26: 0 | AD26: =+V26+X26+Z26+AB26 -> 1906873.3
A27: 11 | C27: 513 | E27: Main of electric plant | G27: 3152576.3 | I27: -3237241 | K27: =SUM(G27:J27) -> -84664.74 | O27: 0 | Q27: 0 | S27: =+M27+Q27 -> 0 | V27: =+K27+S27 -> -84664.74 | X27: 0 | Z27: 0 | AB27: 0 | AD27: =+V27+X27+Z27+AB27 -> -84664.74
A28: 12 | C28: 514 | E28: Main of misc steam plant | G28: 7462548.9 | I28: -7305745 | K28: =SUM(G28:J28) -> 156803.94 | O28: 0 | Q28: 0 | S28: =+M28+Q28 -> 0 | V28: =+K28+S28 -> 156803.94 | X28: 0 | Z28: 0 | AB28: 0 | AD28: =+V28+X28+Z28+AB28 -> 156803.94
A30: 13 | C30: Total maintenance | G30: =SUM(G24:G29) -> 19545200 | I30: =SUM(I24:I29) -> -17210457 | K30: =SUM(K24:K29) -> 2334743.3 | O30: =SUM(O24:O29) -> 0 | Q30: =SUM(Q24:Q29) -> 0 | S30: =SUM(S24:S29) -> 0 | V30: =SUM(V24:V29) -> 2334743.3 | X30: =SUM(X24:X29) -> 0 | Z30: =SUM(Z24:Z29) -> 0 | AB30: =SUM(AB24:AB29) -> 0 | AD30: =SUM(AD24:AD29) -> 2334743.3
A32: 14 | C32: Total steam power generation | G32: =+G21+G30 -> 39360251 | I32: =+I21+I30 -> -28566863 | K32: =+K21+K30 -> 10793388 | O32: =+O21+O30 -> 0 | Q32: =+Q21+Q30 -> 1151 | S32: =+S21+S30 -> 1151 | V32: =+V21+V30 -> 10794539 | X32: =+X21+X30 -> 0 | Z32: =+Z21+Z30 -> 8977 | AB32: =+AB21+AB30 -> 0 | AD32: =+AD21+AD30 -> 10803516
C34: Hydraulic power generation -
C35: Operation -
A36: 15 | C36: 535 | E36: Oper supv and engineering | G36: 6209393.6 | I36: 0 | K36: =SUM(G36:J36) -> 6209393.6 | O36: 0 | Q36: 27440 | S36: =+M36+Q36 -> 27440 | V36: =+K36+S36 -> 6236833.6 | X36: 0 | Z36: 214121 | AB36: 0 | AD36: =+V36+X36+Z36+AB36 -> 6450954.6
A37: 16 | C37: 536 | E37: Water for power/Cloud seeding | G37: 2910128.8 | I37: =-333-70 -> -403 | K37: =SUM(G37:J37) -> 2909725.8 | O37: 0 | Q37: =2230245.85-1104560.04+3883 -> 1129568.8 | S37: =+M37+Q37 -> 1129568.8 | V37: =+K37+S37 -> 4039294.6 | X37: 0 | Z37: 30302 | AB37: 0 | AD37: =+V37+X37+Z37+AB37 -> 4069596.6
A38: 17 | C38: 536 | E38: Water leases | G38: 0 | I38: 0 | K38: =SUM(G38:J38) -> 0 | O38: 0 | Q38: 0 | S38: =+M38+Q38 -> 0 | V38: =+K38+S38 -> 0 | X38: 0 | Z38: 0 | AB38: 0 | AD38: =+V38+X38+Z38+AB38 -> 0
A39: 18 | C39: 537 | E39: Hydraulic expenses | G39: 21238903 | I39: 0 | K39: =SUM(G39:J39) -> 21238903 | O39: 0 | Q39: 42976 | S39: =+M39+Q39 -> 42976 | V39: =+K39+S39 -> 21281879 | X39: 0 | Z39: 335350 | AB39: 0 | AD39: =+V39+X39+Z39+AB39 -> 21617229
A40: 19 | C40: 538 | E40: Electric expenses | G40: 2316268.4 | I40: 0 | K40: =SUM(G40:J40) -> 2316268.4 | O40: 0 | Q40: 10002 | S40: =+M40+Q40 -> 10002 | V40: =+K40+S40 -> 2326270.4 | X40: 0 | Z40: 78052 | AB40: 0 | AD40: =+V40+X40+Z40+AB40 -> 2404322.4
A41: 20 | C41: 539 | E41: Misc hydro pwr gen exp | G41: 6579401 | I41: 0 | K41: =SUM(G41:J41) -> 6579401 | O41: 0 | Q41: 25871 | S41: =+M41+Q41 -> 25871 | V41: =+K41+S41 -> 6605272 | X41: 0 | Z41: 201880 | AB41: 0 | AD41: =+V41+X41+Z41+AB41 -> 6807152
A42: 21 | C42: 540 | E42: Rents | G42: 319088.58 | I42: 0 | K42: =SUM(G42:J42) -> 319088.58 | O42: 0 | Q42: 0 | S42: =+M42+Q42 -> 0 | V42: =+K42+S42 -> 319088.58 | X42: 0 | Z42: 0 | AB42: 0 | AD42: =+V42+X42+Z42+AB42 -> 319088.58
A44: 22 | C44: Total operation | G44: =SUM(G36:G43) -> 39573184 | I44: =SUM(I36:I43) -> -403 | K44: =SUM(K36:K43) -> 39572781 | O44: =SUM(O36:O43) -> 0 | Q44: =SUM(Q36:Q43) -> 1235857.8 | S44: =SUM(S36:S43) -> 1235857.8 | V44: =SUM(V36:V43) -> 40808639 | X44: =SUM(X36:X43) -> 0 | Z44: =SUM(Z36:Z43) -> 859705 | AB44: =SUM(AB36:AB43) -> 0 | AD44: =SUM(AD36:AD43) -> 41668344
C46: Maintenance -
A47: 23 | C47: 541 | E47: Main supv and engineering | G47: 179739.04 | I47: 0 | K47: =SUM(G47:J47) -> 179739.04 | O47: 0 | Q47: 851 | S47: =+M47+Q47 -> 851 | V47: =+K47+S47 -> 180590.04 | X47: 0 | Z47: 6640 | AB47: 0 | AD47: =+V47+X47+Z47+AB47 -> 187230.04
A48: 24 | C48: 542 | E48: Main of structures | G48: 1151713.9 | I48: 0 | K48: =SUM(G48:J48) -> 1151713.9 | O48: 0 | Q48: 3883 | S48: =+M48+Q48 -> 3883 | V48: =+K48+S48 -> 1155596.9 | X48: 0 | Z48: 30301 | AB48: 0 | AD48: =+V48+X48+Z48+AB48 -> 1185897.9
A49: 25 | C49: 543 | E49: Main of res,dams,waterwys | G49: 1721351.4 | I49: 0 | K49: =SUM(G49:J49) -> 1721351.4 | O49: 0 | Q49: 2367 | S49: =+M49+Q49 -> 2367 | V49: =+K49+S49 -> 1723718.4 | X49: 0 | Z49: 18474 | AB49: 0 | AD49: =+V49+X49+Z49+AB49 -> 1742192.4
A50: 26 | C50: 544 | E50: Main of electric plant | G50: 3786618.2 | I50: 0 | K50: =SUM(G50:J50) -> 3786618.2 | O50: 0 | Q50: 13465 | S50: =+M50+Q50 -> 13465 | V50: =+K50+S50 -> 3800083.2 | X50: 0 | Z50: 105069 | AB50: 0 | AD50: =+V50+X50+Z50+AB50 -> 3905152.2
A51: 27 | C51: 545 | E51: Main of misc hydro plant | G51: 5139108.7 | I51: -25 | K51: =SUM(G51:J51) -> 5139083.7 | O51: 0 | Q51: 17339 | S51: =+M51+Q51 -> 17339 | V51: =+K51+S51 -> 5156422.7 | X51: 0 | Z51: 135299 | AB51: 0 | AD51: =+V51+X51+Z51+AB51 -> 5291721.7
A53: 28 | C53: Total maintenance | G53: =SUM(G47:G52) -> 11978531 | I53: =SUM(I47:I52) -> -25 | K53: =SUM(K47:K52) -> 11978506 | O53: =SUM(O47:O52) -> 0 | Q53: =SUM(Q47:Q52) -> 37905 | S53: =SUM(S47:S52) -> 37905 | V53: =SUM(V47:V52) -> 12016411 | X53: =SUM(X47:X52) -> 0 | Z53: =SUM(Z47:Z52) -> 295783 | AB53: =SUM(AB47:AB52) -> 0 | AD53: =SUM(AD47:AD52) -> 12312194
A55: 29 | C55: Total hydraulic power generation | G55: =+G44+G53 -> 51551715 | I55: =+I44+I53 -> -428 | K55: =+K44+K53 -> 51551287 | O55: =+O44+O53 -> 0 | Q55: =+Q44+Q53 -> 1273762.8 | S55: =+S44+S53 -> 1273762.8 | V55: =+V44+V53 -> 52825050 | X55: =+X44+X53 -> 0 | Z55: =+Z44+Z53 -> 1155488 | AB55: =+AB44+AB53 -> 0 | AD55: =+AD44+AD53 -> 53980538
C57: Other power generation -
C58: Operation -
A59: 30 | C59: 546 | E59: Oper supv and engineering | G59: 596233.34 | I59: 0 | K59: =SUM(G59:J59) -> 596233.34 | O59: 0 | Q59: 2960 | S59: =+M59+Q59 -> 2960 | V59: =+K59+S59 -> 599193.34 | X59: 0 | Z59: 23101 | AB59: 0 | AD59: =+V59+X59+Z59+AB59 -> 622294.34
A60: 31 | C60: 547.000 | E60: Fuel - Salmon diesel | G60: 11925.52 | I60: 0 | K60: =SUM(G60:J60) -> 11925.52 | O60: 0 | Q60: 0 | S60: =+Q60 -> 0 | V60: =+K60+S60 -> 11925.52 | X60: 0 | Z60: 0 | AB60: 0 | AD60: =+V60+X60+Z60+AB60 -> 11925.52
A61: 32 | C61: 547 | E61: Fuel | G61: 0 | I61: 0 | K61: =SUM(G61:J61) -> 0 | O61: =-M61 -> 0 | Q61: 0 | S61: =+M61+Q61 -> 0 | V61: =+K61+S61 -> 0 | X61: 0 | Z61: 0 | AB61: 0 | AD61: =+V61+X61+Z61+AB61 -> 0
A62: 33 | C62: 548 | E62: Generation expenses | G62: 6247379.8 | I62: 0 | K62: =SUM(G62:J62) -> 6247379.8 | O62: 0 | Q62: 21927 | S62: =+M62+Q62 -> 21927 | V62: =+K62+S62 -> 6269306.8 | X62: 0 | Z62: 171101 | AB62: 0 | AD62: =+V62+X62+Z62+AB62 -> 6440407.8
A63: 34 | C63: 549 | E63: Misc other pwr gen exp | G63: 729076.88 | I63: 0 | K63: =SUM(G63:J63) -> 729076.88 | O63: 0 | Q63: 2771 | S63: =+M63+Q63 -> 2771 | V63: =+K63+S63 -> 731847.88 | X63: 0 | Z63: 21620 | AB63: 0 | AD63: =+V63+X63+Z63+AB63 -> 753467.88
A64: 35 | C64: 550 | E64: Rents | G64: 0 | I64: 0 | K64: =SUM(G64:J64) -> 0 | O64: 0 | Q64: 0 | S64: =+M64+Q64 -> 0 | V64: =+K64+S64 -> 0 | X64: 0 | Z64: 0 | AB64: 0 | AD64: =+V64+X64+Z64+AB64 -> 0
A66: 36 | C66: Total operation | G66: =SUM(G59:G65) -> 7584615.6 | I66: =SUM(I59:I65) -> 0 | K66: =SUM(K59:K65) -> 7584615.6 | O66: =SUM(O59:O65) -> 0 | Q66: =SUM(Q59:Q65) -> 27658 | S66: =SUM(S59:S65) -> 27658 | V66: =SUM(V59:V65) -> 7612273.6 | X66: =SUM(X59:X65) -> 0 | Z66: =SUM(Z59:Z65) -> 215822 | AB66: =SUM(AB59:AB65) -> 0 | AD66: =SUM(AD59:AD65) -> 7828095.6
A68: IDAHO POWER COMPANY
A69: OPERATION AND MAINTENANCE EXPENSES
A70: =+A3 -> For Twelve Months Ended December 31, 2025
A73: -1 | C73: -2 | E73: -3 | G73: -4 | I73: -5 | K73: -6 | M73: -7 | O73: -8 | Q73: -8 | S73: -9 | V73: -10 | X73: -12 | Z73: -11 | AB73: -14 | AD73: -12
C74: FERC | M74: Methodology | V74: =V8 -> 2025
A75: LINE | C75: ACCOUNT | G75: =G9 -> 2024 | I75: =I9 -> 2024 | K75: =K9 -> 2024 | M75: =M9 -> 2024 | O75: 3 Period | T75: Ref | V75: Unadjusted | AB75: Known and | AD75: =AD9 -> 2025
A76: NO | C76: NUMBER | E76: DESCRIPTION | G76: Actuals | I76: Adjustments | K76: Base | M76: Base | O76: CAGR | Q76: Other | S76: Adjustment | T76: No | V76: Test Year | X76: Normalizing | Z76: Annualizing | AB76: Measurable | AD76: Test Year
C78: Other power generation - (continued)
C79: Maintenance -
A80: 1 | C80: 551 | E80: Main supv and engineering | G80: 0 | I80: 0 | K80: =SUM(G80:J80) -> 0 | O80: 0 | Q80: 0 | S80: =+M80+Q80 -> 0 | V80: =+K80+S80 -> 0 | X80: 0 | Z80: 0 | AB80: 0 | AD80: =+V80+X80+Z80+AB80 -> 0
A81: 2 | C81: 552 | E81: Main of structures | G81: 101731.79 | I81: 0 | K81: =SUM(G81:J81) -> 101731.79 | O81: 0 | Q81: 317 | S81: =+M81+Q81 -> 317 | V81: =+K81+S81 -> 102048.79 | X81: 0 | Z81: 2476 | AB81: 0 | AD81: =+V81+X81+Z81+AB81 -> 104524.79
A82: 3 | C82: 553 | E82: Main of gen and elec plt | G82: 109759.61 | I82: 0 | K82: =SUM(G82:J82) -> 109759.61 | O82: 0 | Q82: 346 | S82: =+M82+Q82 -> 346 | V82: =+K82+S82 -> 110105.61 | X82: 0 | Z82: 2696 | AB82: 0 | AD82: =+V82+X82+Z82+AB82 -> 112801.61
A83: 4 | C83: 554 | E83: Main misc oth pwr gen plt | G83: 3223774.5 | I83: 0 | K83: =SUM(G83:J83) -> 3223774.5 | O83: 0 | Q83: 2806 | S83: =+M83+Q83 -> 2806 | V83: =+K83+S83 -> 3226580.5 | X83: 0 | Z83: 21897 | AB83: 0 | AD83: =+V83+X83+Z83+AB83 -> 3248477.5
A85: 5 | C85: Total maintenance | G85: =SUM(G80:G84) -> 3435265.9 | I85: =SUM(I80:I84) -> 0 | K85: =SUM(K80:K84) -> 3435265.9 | O85: =SUM(O80:O84) -> 0 | Q85: =SUM(Q80:Q84) -> 3469 | S85: =SUM(S80:S84) -> 3469 | V85: =SUM(V80:V84) -> 3438734.9 | X85: =SUM(X80:X84) -> 0 | Z85: =SUM(Z80:Z84) -> 27069 | AB85: =SUM(AB80:AB84) -> 0 | AD85: =SUM(AD80:AD84) -> 3465803.9
A87: 6 | C87: Total other power generation | G87: =+G85+G66 -> 11019881 | I87: =+I85+I66 -> 0 | K87: =+K85+K66 -> 11019881 | O87: =+O85+O66 -> 0 | Q87: =+Q85+Q66 -> 31127 | S87: =+S85+S66 -> 31127 | V87: =+V85+V66 -> 11051008 | X87: =+X85+X66 -> 0 | Z87: =+Z85+Z66 -> 242891 | AB87: =+AB85+AB66 -> 0 | AD87: =+AD85+AD66 -> 11293899
AB88: =+AB86+AB67 -> 0
C89: Other power supply expenses -
A90: 7 | C90: 555.050 | E90: Purchased power - transmission losses | G90: 0 | I90: 0 | K90: =SUM(G90:J90) -> 0 | O90: 0 | Q90: 0 | S90: =+M90+Q90 -> 0 | V90: =+K90+S90 -> 0 | X90: 0 | Z90: 0 | AB90: 0 | AD90: =+V90+X90+Z90+AB90 -> 0
A91: 8 | C91: 555 | E91: Purchased power | G91: 0 | I91: 0 | K91: =SUM(G91:J91) -> 0 | O91: =-M91 -> 0 | Q91: 0 | S91: =+M91+Q91 -> 0 | V91: =+K91+S91 -> 0 | X91: 0 | Z91: 0 | AB91: 0 | AD91: =+V91+X91+Z91+AB91 -> 0
A92: 9 | C92: 556 | E92: System cont and load disp | G92: 84.21 | I92: 0 | K92: =SUM(G92:J92) -> 84.21 | O92: 0 | Q92: 0 | S92: =+M92+Q92 -> 0 | V92: =+K92+S92 -> 84.21 | X92: 0 | Z92: 3 | AB92: 0 | AD92: =+V92+X92+Z92+AB92 -> 87.21
A93: 10 | C93: 557 | E93: Other expenses - other power production | G93: 7430223.3 | I93: -4 | K93: =SUM(G93:J93) -> 7430219.3 | O93: 0 | Q93: 32272 | S93: =+M93+Q93 -> 32272 | V93: =+K93+S93 -> 7462491.3 | X93: 0 | Z93: 251828 | AB93: 0 | AD93: =+V93+X93+Z93+AB93 -> 7714319.3
A94: 11 | C94: 557 | E94: Other expenses - PCA, EPC and PCAM | G94: 0 | I94: 0 | K94: =SUM(G94:J94) -> 0 | O94: =-M94 -> 0 | Q94: 0 | S94: =+M94+Q94 -> 0 | V94: =+K94+S94 -> 0 | X94: 0 | Z94: 0 | AB94: 0 | AD94: =+V94+X94+Z94+AB94 -> 0
A95: 12 | C95: 557 | E95: Other expenses - Bridger GAAP Adj. | G95: -14383038 | I95: 14383038 | K95: =SUM(G95:J95) -> -0.14 | Q95: 0 | S95: =+M95+Q95 -> 0 | V95: =+K95+S95 -> -0.14 | Z95: 0 | AD95: =+V95+X95+Z95+AB95 -> -0.14
A97: 13 | C97: Total other power supply expenses | G97: =SUM(G90:G96) -> -6952730.6 | I97: =SUM(I90:I96) -> 14383034 | K97: =SUM(K90:K96) -> 7430303.4 | O97: =SUM(O90:O96) -> 0 | Q97: =SUM(Q90:Q96) -> 32272 | S97: =SUM(S90:S96) -> 32272 | V97: =SUM(V90:V96) -> 7462575.4 | X97: =SUM(X90:X96) -> 0 | Z97: =SUM(Z90:Z96) -> 251831 | AB97: =SUM(AB90:AB96) -> 0 | AD97: =SUM(AD90:AD96) -> 7714406.4
A99: 14 | C99: Total power production expenses | G99: =+G97+G87+G32+G55 -> 94979117 | I99: =+I97+I87+I32+I55 -> -14184257 | K99: =+K97+K87+K32+K55 -> 80794860 | O99: =+O97+O87+O32+O55 -> 0 | Q99: =+Q97+Q87+Q32+Q55 -> 1338312.8 | S99: =+S97+S87+S32+S55 -> 1338312.8 | V99: =+V97+V87+V32+V55 -> 82133173 | X99: =+X97+X87+X32+X55 -> 0 | Z99: =+Z97+Z87+Z32+Z55 -> 1659187 | AB99: =+AB97+AB87+AB32+AB55 -> 0 | AD99: =+AD97+AD87+AD32+AD55 -> 83792360
A101: IDAHO POWER COMPANY
A102: OPERATION AND MAINTENANCE EXPENSES
A103: =+A3 -> For Twelve Months Ended December 31, 2025
A106: -1 | C106: -2 | E106: -3 | G106: -4 | I106: -5 | K106: -6 | M106: -7 | O106: -8 | Q106: -8 | S106: -9 | V106: -10 | X106: -12 | Z106: -11 | AB106: -14 | AD106: -12
C107: FERC | M107: Methodology | V107: =V8 -> 2025
A108: LINE | C108: ACCOUNT | G108: =G9 -> 2024 | I108: =I9 -> 2024 | K108: =K9 -> 2024 | M108: =M9 -> 2024 | O108: 3 Period | T108: Ref | V108: Unadjusted | AB108: Known and | AD108: =AD9 -> 2025
A109: NO | C109: NUMBER | E109: DESCRIPTION | G109: Actuals | I109: Adjustments | K109: Base | M109: Base | O109: CAGR | Q109: Other | S109: Adjustment | T109: No | V109: Test Year | X109: Normalizing | Z109: Annualizing | AB109: Measurable | AD109: Test Year
C110: Transmission expenses:
C111: Operation -
A112: 1 | C112: 560 | E112: Oper supv and engineering | G112: 2806086.9 | I112: -4302 | K112: =SUM(G112:J112) -> 2801784.9 | O112: 0 | Q112: 11568 | S112: =+M112+Q112 -> 11568 | V112: =+K112+S112 -> 2813352.9 | X112: 0 | Z112: 90270 | AB112: 0 | AD112: =+V112+X112+Z112+AB112 -> 2903622.9
A113: 2 | C113: 561 | E113: Load dispatching | G113: 5097850.1 | I113: 0 | K113: =SUM(G113:J113) -> 5097850.1 | O113: 0 | Q113: 17600 | S113: =+M113+Q113 -> 17600 | V113: =+K113+S113 -> 5115450.1 | X113: 0 | Z113: 137336 | AB113: 0 | AD113: =+V113+X113+Z113+AB113 -> 5252786.1
A114: 3 | C114: 562 | E114: Station expenses | G114: 2589638 | I114: -4 | K114: =SUM(G114:J114) -> 2589634 | O114: 0 | Q114: 10494 | S114: =+M114+Q114 -> 10494 | V114: =+K114+S114 -> 2600128 | X114: 0 | Z114: 81889 | AB114: 0 | AD114: =+V114+X114+Z114+AB114 -> 2682017
A115: 4 | C115: 563 | E115: Overhead line expenses | G115: 1249690 | I115: 0 | K115: =SUM(G115:J115) -> 1249690 | O115: 0 | Q115: 2854 | S115: =+M115+Q115 -> 2854 | V115: =+K115+S115 -> 1252544 | X115: 0 | Z115: 22271 | AB115: 0 | AD115: =+V115+X115+Z115+AB115 -> 1274815
A116: 5 | C116: 564 | E116: Underground line expenses | G116: 0 | I116: 0 | K116: =SUM(G116:J116) -> 0 | O116: 0 | Q116: 0 | S116: =+M116+Q116 -> 0 | V116: =+K116+S116 -> 0 | X116: 0 | Z116: 0 | AB116: 0 | AD116: =+V116+X116+Z116+AB116 -> 0
A117: 6 | C117: 565 | E117: Trans of elec by others | G117: 0 | I117: 0 | K117: =SUM(G117:J117) -> 0 | O117: 0 | Q117: 0 | S117: =+M117+Q117 -> 0 | V117: =+K117+S117 -> 0 | X117: 0 | Z117: 0 | AB117: 0 | AD117: =+V117+X117+Z117+AB117 -> 0
A118: 7 | C118: 566 | E118: Misc trans expenses | G118: 0 | I118: 0 | K118: =SUM(G118:J118) -> 0 | O118: 0 | Q118: 0 | S118: =+M118+Q118 -> 0 | V118: =+K118+S118 -> 0 | X118: 0 | Z118: 0 | AB118: 0 | AD118: =+V118+X118+Z118+AB118 -> 0
A119: 8 | C119: 567 | E119: Rents | G119: 4528250.1 | I119: 0 | K119: =SUM(G119:J119) -> 4528250.1 | O119: 0 | Q119: 0 | S119: =+M119+Q119 -> 0 | V119: =+K119+S119 -> 4528250.1 | X119: 0 | Z119: 0 | AB119: 0 | AD119: =+V119+X119+Z119+AB119 -> 4528250.1
A121: 9 | C121: Total operation | G121: =SUM(G112:G120) -> 16271515 | I121: =SUM(I112:I120) -> -4306 | K121: =SUM(K112:K120) -> 16267209 | O121: =SUM(O112:O120) -> 0 | Q121: =SUM(Q112:Q120) -> 42516 | S121: =SUM(S112:S120) -> 42516 | V121: =SUM(V112:V120) -> 16309725 | X121: =SUM(X112:X120) -> 0 | Z121: =SUM(Z112:Z120) -> 331766 | AB121: =SUM(AB112:AB120) -> 0 | AD121: =SUM(AD112:AD120) -> 16641491
C123: Maintenance -
A124: 10 | C124: 568 | E124: Main supv and engineering | G124: 470609.99 | I124: 0 | K124: =SUM(G124:J124) -> 470609.99 | O124: 0 | Q124: 1308 | S124: =+M124+Q124 -> 1308 | V124: =+K124+S124 -> 471917.99 | X124: 0 | Z124: 10210 | AB124: 0 | AD124: =+V124+X124+Z124+AB124 -> 482127.99
A125: 11 | C125: 569 | E125: Main of structures | G125: 1703732.4 | I125: 0 | K125: =SUM(G125:J125) -> 1703732.4 | O125: 0 | Q125: 6971 | S125: =+M125+Q125 -> 6971 | V125: =+K125+S125 -> 1710703.4 | X125: 0 | Z125: 54400 | AB125: 0 | AD125: =+V125+X125+Z125+AB125 -> 1765103.4
A126: 12 | C126: 570 | E126: Main of station equip | G126: 3192924.8 | I126: -4 | K126: =SUM(G126:J126) -> 3192920.8 | O126: 0 | Q126: 13762 | S126: =+M126+Q126 -> 13762 | V126: =+K126+S126 -> 3206682.8 | X126: 0 | Z126: 107391 | AB126: 0 | AD126: =+V126+X126+Z126+AB126 -> 3314073.8
A127: 13 | C127: 571 | E127: Main of overhead lines | G127: 4186984.2 | I127: =3047080 -> 3047080 | K127: =SUM(G127:J127) -> 7234064.2 | O127: 0 | Q127: =1755160+7225 -> 1762385 | S127: =+M127+Q127 -> 1762385 | V127: =+K127+S127 -> 8996449.2 | X127: 0 | Z127: 56380 | AB127: 0 | AD127: =+V127+X127+Z127+AB127 -> 9052829.2
...

Sheet PropIns924
A1: IDAHO POWER COMPANY
A2: OPERATION AND MAINTENANCE EXPENSES
A3: PROPERTY INSURANCE - ACCOUNT 924
A4: =+OthOpRev451_454_456!A3 -> For Twelve Months Ended December 31, 2025
A8: -1 | C8: -2 | E8: -3 | G8: -4 | I8: -5 | K8: -6 | M8: -7 | O8: -7 | Q8: -8 | T8: -9 | V8: -11 | X8: -10 | Z8: -13 | AB8: -11
K9: Methodology | T9: 2025
A10: Line | E10: 2024 | G10: 2024 | I10: 2024 | K10: 2024 | M10: 3 Period | R10: Ref | T10: Unadjusted | Z10: Known and | AB10: 2025
A11: No | C11: Description | E11: Actuals | G11: Adjustments | I11: Base | K11: Base | M11: CAGR | O11: Other | Q11: Adjustment | R11: No | T11: Test Year | V11: Normalizing | X11: Annualizing | Z11: Measurable | AB11: Test Year
C14: Production - steam:
A16: 1 | C16: Bridger plant | E16: 410394.73 | G16: 0 | I16: =SUM(E16:H16) -> 410394.73 | M16: 0 | O16: 0 | Q16: =K16+O16 -> 0 | T16: =+I16+Q16 -> 410394.73 | V16: 0 | X16: 0 | Z16: 0 | AB16: =+T16+V16+X16+Z16 -> 410394.73
A18: 2 | C18: Boardman plant | E18: 0 | G18: 0 | I18: =SUM(E18:H18) -> 0 | M18: 0 | O18: 0 | Q18: =K18+O18 -> 0 | T18: =+I18+Q18 -> 0 | V18: 0 | X18: 0 | Z18: 0 | AB18: =+T18+V18+X18+Z18 -> 0
A20: 3 | C20: Valmy plant | E20: 80729.29 | G20: 0 | I20: =SUM(E20:H20) -> 80729.29 | M20: 0 | O20: 0 | Q20: =K20+O20 -> 0 | T20: =+I20+Q20 -> 80729.29 | V20: 0 | X20: 13474 | Z20: 0 | AB20: =+T20+V20+X20+Z20 -> 94203.29
A22: 4 | C22: Total production - steam | E22: =SUM(E16:E21) -> 491124.02 | G22: =SUM(G16:G21) -> 0 | I22: =SUM(I16:I21) -> 491124.02 | M22: =SUM(M16:M21) -> 0 | O22: =SUM(O16:O21) -> 0 | Q22: =SUM(Q16:Q21) -> 0 | T22: =SUM(T16:T21) -> 491124.02 | U22: =SUM(U16:U21) -> 0 | V22: =SUM(V16:V21) -> 0 | X22: =SUM(X16:X21) -> 13474 | Z22: =SUM(Z16:Z21) -> 0 | AB22: =SUM(AB16:AB21) -> 504598.02
C25: All risk:
A27: 5 | C27: Blanket fidelity bond | E27: 47419.41 | G27: 0 | I27: =SUM(E27:H27) -> 47419.41 | M27: 0 | O27: 14400.6 | Q27: =K27+O27 -> 14400.6 | T27: =+I27+Q27 -> 61820.01 | V27: 0 | X27: 0 | Z27: 0 | AB27: =+T27+V27+X27+Z27 -> 61820.01
A29: 6 | C29: Property "all risk" | E29: =5085321-1228229 -> 3857092 | G29: 1228229 | I29: =SUM(E29:H29) -> 5085321 | M29: 0 | O29: 1544343.5 | Q29: =K29+O29 -> 1544343.5 | T29: =+I29+Q29 -> 6629664.5 | V29: 0 | X29: 99135 | Z29: 0 | AB29: =+T29+V29+X29+Z29 -> 6728799.5
A31: 7 | C31: Other miscellaneous | E31: 89717 | G31: 0 | I31: =SUM(E31:H31) -> 89717 | M31: 0 | O31: 27245.8 | Q31: =K31+O31 -> 27245.8 | T31: =+I31+Q31 -> 116962.8 | V31: 0 | X31: 0 | Z31: 0 | AB31: =+T31+V31+X31+Z31 -> 116962.8
A33: 8 | C33: Total all risk | E33: =SUM(E27:E32) -> 3994228.4 | G33: =SUM(G27:G31) -> 1228229 | I33: =SUM(I27:I31) -> 5222457.4 | M33: =SUM(M27:M31) -> 0 | O33: =SUM(O27:O31) -> 1585989.9 | Q33: =SUM(Q27:Q31) -> 1585989.9 | T33: =SUM(T27:T31) -> 6808447.3 | U33: =SUM(U27:U31) -> 0 | V33: =SUM(V27:V31) -> 0 | X33: =SUM(X27:X31) -> 99135 | Z33: =SUM(Z27:Z31) -> 0 | AB33: =SUM(AB27:AB31) -> 6907582.3
A35: 9 | C35: Total property insurance | E35: =E22+E33 -> 4485352.4 | G35: =G22+G33 -> 1228229 | I35: =I22+I33 -> 5713581.4 | M35: =M22+M33 -> 0 | O35: =O22+O33 -> 1585989.9 | Q35: =Q22+Q33 -> 1585989.9 | R35: D | T35: =T22+T33 -> 7299571.3 | U35: =U22+U33 -> 0 | V35: =V22+V33 -> 0 | X35: =X22+X33 -> 112609 | Z35: =Z22+Z33 -> 0 | AB35: =AB22+AB33 -> 7412180.3
C37: Damage Claims dept. expenses charges to 924000 | E37: 562358 | I37: 562358.49 | O37: 2589 | Q37: =K37+O37 -> 2589 | T37: =I37+Q37 -> 564947.49 | X37: 20204 | AB37: =SUM(T37:AA37) -> 585151.49
C39: Total ties to 924000 account on O&M YTD exhibit | E39: =SUM(E35:E38) -> 5047710.4 | I39: =SUM(I35:I38) -> 6275939.9 | O39: =SUM(O35:O38) -> 1588578.9 | Q39: =SUM(Q35:Q38) -> 1588578.9 | T39: =SUM(T35:T38) -> 7864518.8 | X39: =SUM(X35:X38) -> 132813 | AB39: =SUM(AB35:AB38) -> 7997331.8

Sheet RegComExp928
A1: IDAHO POWER COMPANY
A2: OPERATION AND MAINTENANCE EXPENSES
A3: REGULATORY COMMISSION EXPENSES - ACCOUNT 928
A4: =+OthOpRev451_454_456!A3 -> For Twelve Months Ended December 31, 2025
A8: -1 | C8: -2 | E8: -3 | G8: -4 | I8: -5 | K8: -6 | M8: -7 | O8: -7 | Q8: -8 | T8: -9 | V8: -11 | X8: -10 | Z8: -13 | AB8: -11
K9: Methodology | T9: 2025
A10: Line | E10: 2024 | G10: 2024 | I10: 2024 | K10: 2024 | M10: 3 Period | R10: Ref | T10: Unadjusted | Z10: Known and | AB10: 2025
A11: No | C11: Description | E11: Actuals | G11: Adjustments | I11: Base | K11: Base | M11: CAGR | O11: Other | Q11: Adjustment | R11: No | T11: Test Year | V11: Normalizing | X11: Annualizing | Z11: Measurable | AB11: Test Year
C13: FERC administrative assessments and securities (928.101)
A14: 1 | C14: Capacity | E14: 3191111 | G14: 0 | I14: =SUM(E14:H14) -> 3191111 | K14: YES | M14: 0 | Q14: =+M14+O14 -> 0 | T14: =+I14+Q14 -> 3191111 | V14: 0 | X14: 0 | Z14: 0 | AB14: =+T14+V14+X14+Z14 -> 3191111
A16: 2 | C16: Generation | E16: 1299039 | G16: 0 | I16: =SUM(E16:H16) -> 1299039 | K16: YES | M16: 0 | Q16: =+M16+O16 -> 0 | T16: =+I16+Q16 -> 1299039 | V16: 0 | X16: 0 | Z16: 0 | AB16: =+T16+V16+X16+Z16 -> 1299039
Q17: =+M17+O17 -> 0
A18: 3 | C18: Ferc Order #472 - Sales for resale | E18: 1078140 | G18: 0 | I18: =SUM(E18:H18) -> 1078140 | K18: YES | M18: 0 | Q18: =+M18+O18 -> 0 | T18: =+I18+Q18 -> 1078140 | V18: 0 | X18: 0 | Z18: 0 | AB18: =+T18+V18+X18+Z18 -> 1078140
Q19: =+M19+O19 -> 0
A20: 4 | C20: Miscellaneous Other | E20: 256196 | G20: 0 | I20: =SUM(E20:H20) -> 256196 | K20: YES | M20: 0 | Q20: =+M20+O20 -> 0 | T20: =+I20+Q20 -> 256196 | V20: 0 | X20: 0 | Z20: 0 | AB20: =+T20+V20+X20+Z20 -> 256196
A22: 5 | C22: Total (928.101) | E22: =SUM(E14:E21) -> 5824486 | G22: =SUM(G14:G21) -> 0 | I22: =SUM(I14:I20) -> 5824486 | M22: =SUM(M14:M20) -> 0 | O22: =SUM(O14:O21) -> 0 | Q22: =+M22+O22 -> 0 | T22: =SUM(T14:T20) -> 5824486 | V22: =SUM(V14:V20) -> 0 | X22: =SUM(X14:X20) -> 0 | Z22: =SUM(Z14:Z20) -> 0 | AB22: =SUM(AB14:AB20) -> 5824486
Q23: =+M23+O23 -> 0
A24: 6 | C24: FERC - Rate Case (928.102) | E24: 0 | G24: 0 | I24: =SUM(E24:H24) -> 0 | M24: 0 | O24: 0 | Q24: =+M24+O24 -> 0 | T24: =+I24+Q24 -> 0 | V24: 0 | X24: 0 | Z24: 0 | AB24: =+T24+V24+X24+Z24 -> 0
Q25: =+M25+O25 -> 0
A26: 7 | C26: FERC - Oregon Hydro (928.104) | E26: 445502 | G26: 0 | I26: =SUM(E26:H26) -> 445502 | K26: YES | M26: 0 | Q26: =+M26+O26 -> 0 | T26: =+I26+Q26 -> 445502 | V26: 0 | X26: 0 | Z26: 0 | AB26: =+T26+V26+X26+Z26 -> 445502
A28: 8 | C28: Total FERC expense | E28: =SUM(E22:E26) -> 6269988 | G28: =SUM(G22:G26) -> 0 | I28: =SUM(I22:I26) -> 6269988 | M28: =SUM(M22:M26) -> 0 | O28: =SUM(O22:O26) -> 0 | Q28: =SUM(Q22:Q26) -> 0 | T28: =SUM(T22:T26) -> 6269988 | V28: =SUM(V22:V26) -> 0 | X28: =SUM(X22:X26) -> 0 | Z28: =SUM(Z22:Z26) -> 0 | AB28: =SUM(AB22:AB26) -> 6269988
C30: Idaho Public Utilities Commission expense:
A32: 9 | C32: Rate case (928.202) | E32: 0 | G32: 0 | I32: =SUM(E32:H32) -> 0 | M32: 0 | O32: 0 | Q32: =+M32+O32 -> 0 | T32: =+I32+Q32 -> 0 | V32: 0 | X32: 0 | Z32: 0 | AB32: =+T32+V32+X32+Z32 -> 0
Q33: =+M33+O33 -> 0
A34: 10 | C34: Other (928.203) | E34: 89772 | G34: =3899.55 -> 3899.55 | I34: =SUM(E34:H34) -> 93671.55 | M34: 0 | O34: =53887.07 -> 53887.07 | Q34: =+M34+O34 -> 53887.07 | T34: =+I34+Q34 -> 147558.62 | V34: 0 | X34: 0 | Z34: 0 | AB34: =+T34+V34+X34+Z34 -> 147558.62
A36: 11 | C36: Total IPUC expense | E36: =SUM(E31:E34) -> 89772 | G36: =SUM(G31:G34) -> 3899.55 | I36: =SUM(I31:I34) -> 93671.55 | M36: =SUM(M31:M34) -> 0 | O36: =SUM(O31:O34) -> 53887.07 | Q36: =SUM(Q31:Q34) -> 53887.07 | T36: =SUM(T31:T34) -> 147558.62 | V36: =SUM(V31:V34) -> 0 | X36: =SUM(X31:X34) -> 0 | Z36: =SUM(Z31:Z34) -> 0 | AB36: =SUM(AB31:AB34) -> 147558.62
C38: Oregon Public Utility Commission expense:
A40: 12 | C40: Filing Fees (928.301) | E40: 0 | G40: 0 | I40: =SUM(E40:H40) -> 0 | M40: 0 | O40: 0 | Q40: =+M40+O40 -> 0 | T40: =+I40+Q40 -> 0 | V40: 0 | X40: 0 | Z40: 0 | AB40: =+T40+V40+X40+Z40 -> 0
Q41: =+M41+O41 -> 0
A42: 13 | C42: Rate case (928.302) | E42: 0 | G42: 0 | I42: =SUM(E42:H42) -> 0 | M42: 0 | O42: 0 | Q42: =+M42+O42 -> 0 | T42: =+I42+Q42 -> 0 | V42: 0 | X42: 0 | Z42: 0 | AB42: =+T42+V42+X42+Z42 -> 0
Q43: =+M43+O43 -> 0
A44: 14 | C44: Other (928.303) | E44: 546675 | G44: =3218.5-3899.55-109324.99-159048.33-50990.21 -> -320044.58 | I44: =SUM(E44:H44) -> 226630.42 | K44: YES | M44: 0 | Q44: =+M44+O44 -> 0 | T44: =+I44+Q44 -> 226630.42 | V44: 0 | X44: 0 | Z44: 0 | AB44: =+T44+V44+X44+Z44 -> 226630.42
A46: 15 | C46: Total OPUC expense | E46: =SUM(E38:E45) -> 546675 | G46: =SUM(G38:G45) -> -320044.58 | I46: =SUM(I38:I45) -> 226630.42 | M46: =SUM(M38:M45) -> 0 | O46: =SUM(O38:O45) -> 0 | Q46: =SUM(Q38:Q45) -> 0 | T46: =SUM(T38:T45) -> 226630.42 | V46: =SUM(V38:V45) -> 0 | X46: =SUM(X38:X45) -> 0 | Z46: =SUM(Z38:Z45) -> 0 | AB46: =SUM(AB38:AB45) -> 226630.42
C48: Nevada Public Service Commission expense:
A50: =A46+1 -> 16 | C50: Other (928.403) | E50: 0 | G50: 0 | I50: =SUM(E50:H50) -> 0 | M50: 0 | O50: 0 | Q50: =+M50+O50 -> 0 | T50: =+I50+Q50 -> 0 | V50: 0 | X50: 0 | Z50: 0 | AB50: =+T50+V50+X50+Z50 -> 0
A52: =A50+1 -> 17 | C52: Total NPSC expense | E52: =SUM(E47:E51) -> 0 | G52: =SUM(G47:G51) -> 0 | I52: =SUM(I47:I51) -> 0 | M52: =SUM(M47:M51) -> 0 | O52: =SUM(O47:O51) -> 0 | Q52: =SUM(Q47:Q51) -> 0 | T52: =SUM(T47:T51) -> 0 | V52: =SUM(V47:V51) -> 0 | X52: =SUM(X47:X51) -> 0 | Z52: =SUM(Z47:Z51) -> 0 | AB52: =SUM(AB47:AB51) -> 0
A54: =A52+1 -> 18 | C54: Regulatory Commission Expense - System Other (928.503) | E54: 47125 | G54: =-7520 -> -7520 | I54: =SUM(E54:G54) -> 39605 | K54: YES | O54: 0 | Q54: =+M54+O54 -> 0 | T54: =I54+Q54 -> 39605 | X54: 0 | AB54: =+T54+V54+X54+Z54 -> 39605
A56: =A54+1 -> 19 | C56: Total regulatory commission expenses | E56: =E28+E36+E46+E52+E54 -> 6953560 | G56: =G28+G36+G46+G52+G54 -> -323665.03 | I56: =I28+I36+I46+I52+I54 -> 6629895 | M56: =M28+M36+M46+M52 -> 0 | O56: =O28+O36+O46+O52+O54 -> 53887.07 | Q56: =Q28+Q36+Q46+Q52+Q54 -> 53887.07 | R56: D | T56: =T28+T36+T46+T52+T54 -> 6683782 | V56: =V28+V36+V46+V52 -> 0 | X56: =X28+X36+X46+X52 -> 0 | Z56: =Z28+Z36+Z46+Z52 -> 0 | AB56: =AB28+AB36+AB46+AB52+AB54 -> 6683782

Sheet Depr Amort Exp
A1: IDAHO POWER COMPANY
A2: DEPRECIATION AND AMORTIZATION EXPENSE
A3: =+[19]OthOpRev451_454_456!A3 -> For Twelve Months Ended December 31, 2025
A7: -1 | C7: -2 | E7: -3 | G7: -4 | I7: -5 | K7: -6 | M7: -7 | O7: -7 | Q7: -8 | T7: -9 | V7: -11 | X7: -10 | Z7: -13 | AB7: -11
K8: Methodology | T8: 2025
A9: Line | E9: 2024 | G9: 2024 | I9: 2024 | K9: 2024 | M9: 3 Period | R9: Ref | T9: Unadjusted | Z9: Known and | AB9: 2025
A10: No | C10: Description | E10: Actuals | G10: Adjustments | I10: Base | K10: Base | M10: CAGR | O10: Other | Q10: Adjustment | R10: No | T10: Test Year | V10: Normalizing | X10: Annualizing | Z10: Measurable | AB10: Test Year
A12: Accounts 403 and 404:
A14: 1 | C14: Amortization expense | E14: =7601772.06+15017.88 -> 7616789.9 | F14: 1.) | G14: 0 | I14: =SUM(E14:H14) -> 7616789.9 | M14: 0 | O14: =9688339.31-I14+15017.88 -> 2086567.3 | Q14: =+K14+M14+O14 -> 2086567.3 | T14: =+I14+Q14 -> 9703357.2 | V14: 0 | X14: 329197.57 | Z14: 0 | AB14: =+T14+V14+X14+Z14 -> 10032555
A16: 2 | C16: Depreciation expense | E16: =214756943.19-49989.53 -> 2.1470695e+08 | F16: 2.) | G16: -49614950 | I16: =SUM(E16:H16) -> 1.65092e+08 | M16: 0 | O16: =186274027.52-I16 -> 21182024 | Q16: =+K16+M16+O16 -> 21182024 | T16: =+I16+Q16 -> 1.8627403e+08 | V16: 0 | X16: 6970289.4 | Z16: 0 | AB16: =+T16+V16+X16+Z16 -> 1.9324432e+08
A18: 3 | C18: Total | E18: =SUM(E12:E17) -> 2.2232374e+08 | G18: =SUM(G12:G17) -> -49614950 | I18: =SUM(I12:I17) -> 1.7270879e+08 | M18: =SUM(M12:M17) -> 0 | O18: =SUM(O12:O17) -> 23268591 | Q18: =SUM(Q12:Q17) -> 23268591 | R18: E | T18: =SUM(T12:T17) -> 1.9597738e+08 | V18: =SUM(V12:V17) -> 0 | X18: =SUM(X12:X17) -> 7299487 | Z18: =SUM(Z12:Z17) -> 0 | AB18: =SUM(AB12:AB17) -> 2.0327687e+08
B20: 1.) | C20: Includes account 406001 Amort of Elec Plnt Acq Adj $15,017.88
B21: 2.) | C21: Includes account 407312 Reg DR-OR Bridger Inc Inv ($49,989.53)

Sheet AmorGain&Loss
A1: IDAHO POWER COMPANY
A2: ELECTRIC PLANT/REGULATORY ASSETS - AMORT.,ADJUST.,GAINS & LOSSES
A3: =+OthOpRev451_454_456!A3 -> For Twelve Months Ended December 31, 2025
A7: -1 | C7: -2 | E7: -3 | G7: -4 | I7: -5 | K7: -6 | M7: -7 | O7: -8 | Q7: -8 | S7: -9 | V7: -10 | X7: -12 | Z7: -11 | AB7: -14 | AD7: -12
M8: Methodology | V8: 2025
A9: Line | G9: 2024 | I9: 2024 | K9: 2024 | M9: 2024 | O9: 3 Period | T9: Ref | V9: Unadjusted | AB9: Known and | AD9: 2025
A10: No | E10: Description | G10: Actuals | I10: Adjustments | K10: Base | M10: Base | O10: CAGR | Q10: Other | S10: Adjustment | T10: No | V10: Test Year | X10: Normalizing | Z10: Annualizing | AB10: Measurable | AD10: Test Year
A12: 1 | C12: 406 | E12: Amortization of Electric Plant Acquisition Adjustment - Asset Exchange
E13: (IPUC Order No. 33313, OPUC Order No. 15-184, FERC Order No. 20150617-3060) | G13: 15017.88 | I13: 0 | K13: =SUM(G13:J13) -> 15017.88 | M13: YES | O13: 0 | Q13: 0 | S13: =+O13+Q13 -> 0 | V13: =+K13+S13 -> 15017.88 | X13: 0 | Z13: 0 | AB13: 0 | AD13: =+V13+X13+Z13+AB13 -> 15017.88
A15: 2 | E15: Total | G15: =SUM(G12:G13) -> 15017.88 | I15: =SUM(I12:I13) -> 0 | K15: =SUM(K12:K13) -> 15017.88 | O15: =SUM(O12:O13) -> 0 | Q15: =SUM(Q12:Q13) -> 0 | S15: =SUM(S12:S13) -> 0 | T15: F | V15: =SUM(V12:V13) -> 15017.88 | X15: =SUM(X12:X13) -> 0 | Z15: =SUM(Z12:Z13) -> 0 | AB15: =SUM(AB12:AB13) -> 0 | AD15: =SUM(AD12:AD13) -> 15017.88

Sheet Reg407.3_407.4
A1: IDAHO POWER COMPANY
A2: REGULATORY DEBITS AND CREDITS
A3: =+OthOpRev451_454_456!A3 -> For Twelve Months Ended December 31, 2025
A7: -1 | C7: -2 | E7: -3 | G7: -4 | I7: -5 | K7: -6 | M7: -7 | O7: -7 | Q7: -8 | T7: -9 | V7: -11 | X7: -10 | Z7: -13 | AB7: -11
K8: Methodology | T8: 2025
A9: Line | E9: 2024 | G9: 2024 | I9: 2024 | K9: 2024 | M9: 3 Period | R9: Ref | T9: Unadjusted | Z9: Known and | AB9: 2025
A10: No | C10: Description | E10: Actuals | G10: Adjustments | I10: Base | K10: Base | M10: CAGR | O10: Other | Q10: Adjustment | R10: No | T10: Test Year | V10: Normalizing | X10: Annualizing | Z10: Measurable | AB10: Test Year
A12: Regulatory Debits (Acct 407.3):
B14: Idaho
A15: 1 | C15: Siemens LTP Amort - Idaho | E15: 1075354 | G15: 0 | I15: =SUM(E15:H15) -> 1075354 | K15: YES | M15: 0 | O15: 0 | Q15: =M15+O15 -> 0 | T15: =+I15+Q15 -> 1075354 | V15: 0 | X15: 0 | Z15: 0 | AB15: =+T15+V15+X15+Z15 -> 1075354
A17: 2 | C17: Cloud computing | E17: 175785 | G17: 191050 | I17: =SUM(E17:H17) -> 366835 | O17: -75954 | Q17: =M17+O17 -> -75954 | T17: =+I17+Q17 -> 290881 | X17: 0 | AB17: =+T17+V17+X17+Z17 -> 290881
A19: 3 | C19: Wildfire Mitigation | E19: 3811175 | G19: 0 | I19: =SUM(E19:H19) -> 3811175 | O19: 10478276 | Q19: =+K19+M19+O19 -> 10478276 | T19: =+I19+Q19 -> 14289451 | X19: 0 | AB19: =+T19+V19+X19+Z19 -> 14289451
A21: 4 | C21: Subtotal Idaho | E21: =SUM(E15:E19) -> 5062314 | G21: =SUM(G15:G19) -> 191050 | I21: =SUM(I15:I19) -> 5253364 | O21: =SUM(O15:O19) -> 10402322 | Q21: =SUM(Q15:Q19) -> 10402322 | T21: =SUM(T15:T19) -> 15655686 | V21: =SUM(V15:V17) -> 0 | W21: =SUM(W15:W17) -> 0 | X21: =SUM(X15:X19) -> 0 | Y21: =SUM(Y15:Y17) -> 0 | Z21: =SUM(Z15:Z17) -> 0 | AB21: =SUM(AB15:AB19) -> 15655686
B23: Oregon
A24: 5 | C24: Deferred Pension - Oregon | E24: 243991 | G24: 0 | I24: =SUM(E24:H24) -> 243991 | K24: YES | O24: 0 | Q24: =+M24+O24 -> 0 | T24: =+I24+Q24 -> 243991 | X24: 0 | AB24: =+T24+V24+X24+Z24 -> 243991
A26: 6 | C26: Siemens LTP Amort - Oregon | E26: 83362 | G26: 0 | I26: =SUM(E26:H26) -> 83362 | K26: YES | O26: 0 | Q26: 0 | T26: =+I26+Q26 -> 83362 | X26: 0 | AB26: =+T26+V26+X26+Z26 -> 83362
A28: 7 | C28: Subtotal Oregon | E28: =SUM(E24:E26) -> 327353 | G28: =SUM(G24:G26) -> 0 | I28: =SUM(I24:I26) -> 327353 | O28: =SUM(O24:O26) -> 0 | Q28: =SUM(Q24:Q26) -> 0 | T28: =SUM(T24:T26) -> 327353 | V28: =SUM(V24:V26) -> 0 | W28: =SUM(W24:W26) -> 0 | X28: =SUM(X24:X26) -> 0 | Y28: =SUM(Y24:Y26) -> 0 | Z28: =SUM(Z24:Z26) -> 0 | AB28: =SUM(AB24:AB26) -> 327353
A30: 8 | C30: Total | E30: =E21+E28 -> 5389667 | G30: =G21+G28 -> 191050 | I30: =I21+I28 -> 5580717 | M30: =SUM(M15:M29) -> 0 | O30: =O21+O28 -> 10402322 | Q30: =Q21+Q28 -> 10402322 | R30: G | T30: =T21+T28 -> 15983039 | V30: =SUM(V15:V29) -> 0 | X30: =X21+X28 -> 0 | Z30: =SUM(Z15:Z29) -> 0 | AB30: =AB21+AB28 -> 15983039

Sheet Taxes Other
A1: IDAHO POWER COMPANY
A2: TAXES OTHER THAN INCOME TAXES
A3: =+OthOpRev451_454_456!A3 -> For Twelve Months Ended December 31, 2025
A5: -1 | C5: -2 | D5: -3 | F5: -4 | H5: -5 | J5: -6 | L5: -7 | N5: -7 | P5: -8 | S5: -9 | U5: -11 | W5: -10 | Y5: -13 | AA5: -11
J6: Methodology | S6: 2025
A7: Line | D7: 2024 | F7: 2024 | H7: 2024 | J7: 2024 | L7: 3 Period | Q7: Ref | S7: Unadjusted | Y7: Known and | AA7: 2025
A8: No | C8: Description | D8: Actuals | F8: Adjustments | H8: Base | J8: Base | L8: CAGR | N8: Other | P8: Adjustment | Q8: No | S8: Test Year | U8: Normalizing | W8: Annualizing | Y8: Measurable | AA8: Test Year
C10: Federal taxes:
A11: 1 | C11: Unemployment | D11: 95932.68 | F11: 0 | H11: =SUM(D11:G11) -> 95932.68 | J11: YES | L11: 0 | N11: 0 | P11: =+L11+N11 -> 0 | S11: =+H11+P11 -> 95932.68 | U11: 0 | W11: 0 | Y11: 0 | AA11: =+S11+U11+W11+Y11 -> 95932.68
A12: 2 | C12: Social Security | D12: 21673544 | F12: 0 | H12: =SUM(D12:G12) -> 21673544 | J12: YES | L12: 0 | N12: 0 | P12: =+L12+N12 -> 0 | S12: =+H12+P12 -> 21673544 | U12: 0 | W12: 0 | Y12: 0 | AA12: =+S12+U12+W12+Y12 -> 21673544
A13: 3 | C13: Total federal taxes | D13: =SUM(D11:D12) -> 21769477 | F13: =SUM(F11:F12) -> 0 | H13: =SUM(H11:H12) -> 21769477 | L13: =SUM(L11:L12) -> 0 | N13: =SUM(N11:N12) -> 0 | P13: =SUM(P11:P12) -> 0 | S13: =SUM(S11:S12) -> 21769477 | U13: =SUM(U11:U12) -> 0 | W13: =SUM(W11:W12) -> 0 | Y13: =SUM(Y11:Y12) -> 0 | AA13: =SUM(AA11:AA12) -> 21769477
C15: State, county and local taxes:
C16: Real and personal property:
A17: 4 | C17: Idaho | D17: 13280571 | F17: 0 | H17: =SUM(D17:G17) -> 13280571 | L17: 0 | N17: =-H17 -> -13280571 | P17: =+L17+N17 -> -13280571 | S17: =+H17+P17 -> 0 | U17: 0 | W17: 0 | Y17: 0 | AA17: =+S17+U17+W17+Y17 -> 0
A18: 5 | C18: Idaho litigation refunds 2020-2022 | D18: -7837398 | E18: 1.) | F18: =-D18 -> 7837398 | H18: =SUM(D18:G18) -> 0
A19: 6 | C19: Net Idaho | D19: =SUM(D17:D18) -> 5443173.5 | F19: =SUM(F17:F18) -> 7837398 | H19: =SUM(H17:H18) -> 13280571 | N19: =SUM(N17:N18) -> -13280571 | P19: =SUM(P17:P18) -> -13280571 | S19: =SUM(S17:S18) -> 0 | W19: =SUM(W17:W18) -> 0 | AA19: =SUM(AA17:AA18) -> 0
A20: 7 | C20: Oregon | D20: 4853707.9 | F20: 0 | H20: =SUM(D20:G20) -> 4853707.9 | L20: 0 | N20: 48319.23 | P20: =+L20+N20 -> 48319.23 | S20: =+H20+P20 -> 4902027.1 | U20: 0 | W20: 0 | Y20: 0 | AA20: =+S20+U20+W20+Y20 -> 4902027.1
A21: 8 | C21: Oregon litigation refunds 2021-2024 | D21: -2591160.2 | E21: 2.) | F21: =-D21 -> 2591160.2 | H21: =SUM(D21:G21) -> 0
A22: 9 | C22: Net Oregon | D22: =SUM(D20:D21) -> 2262547.6 | F22: =SUM(F20:F21) -> 2591160.2 | H22: =SUM(H20:H21) -> 4853707.9 | N22: =SUM(N20:N21) -> 48319.23 | P22: =SUM(P20:P21) -> 48319.23 | S22: =SUM(S20:S21) -> 4902027.1 | W22: =SUM(W20:W21) -> 0 | AA22: =SUM(AA20:AA21) -> 4902027.1
A23: 10 | C23: Montana | D23: 361885.78 | F23: 0 | H23: =SUM(D23:G23) -> 361885.78 | J23: YES | L23: 0 | N23: 0 | P23: =+L23+N23 -> 0 | S23: =+H23+P23 -> 361885.78 | U23: 0 | W23: 0 | Y23: 0 | AA23: =+S23+U23+W23+Y23 -> 361885.78
A24: 11 | C24: Washington | D24: 3792.36 | F24: 0 | H24: =SUM(D24:G24) -> 3792.36 | J24: YES | N24: 0 | P24: =+L24+N24 -> 0 | S24: =+H24+P24 -> 3792.36 | W24: 0 | AA24: =+S24+U24+W24+Y24 -> 3792.36
A25: 12 | C25: Wyoming | D25: 1286959.7 | F25: 0 | H25: =SUM(D25:G25) -> 1286959.7 | J25: YES | L25: 0 | P25: =+L25+N25 -> 0 | S25: =+H25+P25 -> 1286959.7 | U25: 0 | W25: 0 | Y25: 0 | AA25: =+S25+U25+W25+Y25 -> 1286959.7
A26: 13 | C26: Nevada | D26: 277682.4 | F26: 0 | H26: =SUM(D26:G26) -> 277682.4 | L26: 0 | N26: 111736 | P26: =+L26+N26 -> 111736 | S26: =+H26+P26 -> 389418.4 | U26: 0 | W26: 0 | Y26: 0 | AA26: =+S26+U26+W26+Y26 -> 389418.4
A27: 14 | C27: Total real and personal property | D27: =D19+D22+D23+D24+D25+D26 -> 9636041.4 | F27: =F19+F22+F23+F24+F25+F26 -> 10428558 | H27: =H19+H22+H23+H24+H25+H26 -> 20064600 | L27: =SUM(L17:L26) -> 0 | N27: =N19+N22+N23+N24+N25+N26 -> -13120516 | P27: =P19+P22+P23+P24+P25+P26 -> -13120516 | S27: =S19+S22+S23+S24+S25+S26 -> 6944083.4 | W27: =W19+W22+W23+W24+W25+W26 -> 0 | Y27: =Y19+Y22+Y23+Y24+Y25+Y26 -> 0 | AA27: =AA19+AA22+AA23+AA24+AA25+AA26 -> 6944083.4
A29: 15 | C29: Kilowatt-hour tax - Idaho | D29: 1724861.8 | F29: 0 | H29: =SUM(D29:G29) -> 1724861.8 | L29: 0 | N29: =2010490-H29 -> 285628.24 | P29: =+L29+N29 -> 285628.24 | S29: =+H29+P29 -> 2010490 | U29: 0 | W29: 0 | Y29: 0 | AA29: =+S29+U29+W29+Y29 -> 2010490
C31: Idaho other assessments:
A32: 16 | C32: Shoshone-Bannock | D32: 100298 | F32: 0 | H32: =SUM(D32:G32) -> 100298 | L32: 0 | N32: 3009 | P32: =+L32+N32 -> 3009 | S32: =+H32+P32 -> 103307 | U32: 0 | W32: 0 | Y32: 0 | AA32: =+S32+U32+W32+Y32 -> 103307
A33: 17 | C33: Idaho Special Assessment | D33: 12335.18 | F33: 0 | H33: =SUM(D33:G33) -> 12335.18 | J33: YES | L33: 0 | N33: 0 | P33: =+L33+N33 -> 0 | S33: =+H33+P33 -> 12335.18 | U33: 0 | W33: 0 | Y33: 0 | AA33: =+S33+U33+W33+Y33 -> 12335.18
A34: 18 | C34: Idaho Irrigation Assessment | D34: 49083.04 | F34: 0 | H34: =SUM(D34:G34) -> 49083.04 | L34: 0 | N34: =75138.01-49083.04 -> 26054.97 | P34: =+L34+N34 -> 26054.97 | S34: =+H34+P34 -> 75138.01 | U34: 0 | W34: 0 | Y34: 0 | AA34: =+S34+U34+W34+Y34 -> 75138.01
A35: 19 | C35: Downtown Boise Association | D35: 12113.4 | F35: 0 | H35: =SUM(D35:G35) -> 12113.4 | L35: 0 | N35: =12464.66-12113.4 -> 351.26 | P35: =+L35+N35 -> 351.26 | S35: =+H35+P35 -> 12464.66 | U35: 0 | W35: 0 | Y35: 0 | AA35: =+S35+U35+W35+Y35 -> 12464.66
A36: 20 | C36: Total Idaho other assessments | D36: =SUM(D32:D35) -> 173829.62 | F36: =SUM(F32:F35) -> 0 | H36: =SUM(H32:H35) -> 173829.62 | N36: =SUM(N32:N35) -> 29415.23 | P36: =SUM(P32:P35) -> 29415.23 | S36: =SUM(S32:S35) -> 203244.85 | W36: =SUM(W32:W35) -> 0 | Y36: =SUM(Y32:Y35) -> 0 | AA36: =SUM(AA32:AA35) -> 203244.85
C39: Licenses:
A40: 21 | C40: Wyoming | D40: 3735.39 | F40: 0 | H40: =SUM(D40:G40) -> 3735.39 | J40: YES | L40: 0 | N40: 0 | P40: =+L40+N40 -> 0 | S40: =+H40+P40 -> 3735.39 | U40: 0 | W40: 0 | Y40: 0 | AA40: =+S40+U40+W40+Y40 -> 3735.39
A41: 22 | C41: Shoshone-Bannock | D41: 150 | F41: 0 | H41: =SUM(D41:G41) -> 150 | J41: YES | L41: 0 | N41: =150-H41 -> 0 | P41: =+L41+N41 -> 0 | S41: =+H41+P41 -> 150 | U41: 0 | W41: 0 | Y41: 0 | AA41: =+S41+U41+W41+Y41 -> 150
A42: 23 | C42: Total licenses | D42: =SUM(D40:D41) -> 3885.39 | F42: =SUM(F40:F41) -> 0 | H42: =SUM(H40:H41) -> 3885.39 | L42: =SUM(L40:L41) -> 0 | N42: =SUM(N40:N41) -> 0 | P42: =SUM(P40:P41) -> 0 | S42: =SUM(S40:S41) -> 3885.39 | U42: =SUM(U40:U41) -> 0 | W42: =SUM(W40:W41) -> 0 | Y42: =SUM(Y40:Y41) -> 0 | AA42: =SUM(AA40:AA41) -> 3885.39
C44: Regulatory commission:
A45: 24 | C45: Idaho | D45: 3248611.4 | F45: 0 | H45: =SUM(D45:G45) -> 3248611.4 | L45: 0 | N45: 167863 | P45: =+L45+N45 -> 167863 | S45: =+H45+P45 -> 3416474.4 | U45: 0 | W45: 0 | Y45: 0 | AA45: =+S45+U45+W45+Y45 -> 3416474.4
A46: 25 | C46: Oregon | D46: 396875.17 | F46: =402744.56-D46 -> 5869.39 | H46: =SUM(D46:G46) -> 402744.56 | J46: YES | L46: 0 | N46: 0 | P46: =+L46+N46 -> 0 | S46: =+H46+P46 -> 402744.56 | U46: 0 | W46: 0 | Y46: 0 | AA46: =+S46+U46+W46+Y46 -> 402744.56
A47: 26 | C47: Total regulatory commission | D47: =SUM(D45:D46) -> 3645486.6 | F47: =SUM(F45:F46) -> 5869.39 | H47: =SUM(H45:H46) -> 3651355.9 | L47: =SUM(L45:L46) -> 0 | N47: =SUM(N45:N46) -> 167863 | P47: =SUM(P45:P46) -> 167863 | S47: =SUM(S45:S46) -> 3819218.9 | U47: =SUM(U45:U46) -> 0 | W47: =SUM(W45:W46) -> 0 | Y47: =SUM(Y45:Y46) -> 0 | AA47: =SUM(AA45:AA46) -> 3819218.9
C49: Franchise:
A50: 27 | C50: Oregon total franchise | D50: 967855.84 | F50: 0 | H50: =SUM(D50:G50) -> 967855.84 | J50: YES | L50: 0 | N50: 0 | P50: =+L50+N50 -> 0 | S50: =+H50+P50 -> 967855.84 | U50: 0 | W50: 0 | Y50: 0 | AA50: =+S50+U50+W50+Y50 -> 967855.84
A52: 28 | C52: Nevada Commerce Tax | D52: 3777.55 | F52: 0 | H52: =SUM(D52:G52) -> 3777.55 | J52: YES | N52: 0 | P52: =+L52+N52 -> 0 | S52: =+H52+P52 -> 3777.55 | U52: 0 | W52: 0 | Y52: 0 | AA52: =+S52+U52+W52+Y52 -> 3777.55
W53: =+H53+L53+N53+S53+U53 -> 0
C54: Unemployment:
A55: 29 | C55: Idaho | D55: 375643.87 | F55: 0 | H55: =SUM(D55:F55) -> 375643.87 | J55: YES | N55: 0 | P55: 0 | S55: =+H55+P55 -> 375643.87 | W55: 0 | AA55: =+S55+U55+W55+Y55 -> 375643.87
A56: 30 | C56: Oregon | D56: =50021.07+24477.8 -> 74498.87 | F56: 0 | H56: =SUM(D56:F56) -> 74498.87 | J56: YES | N56: 0 | P56: 0 | S56: =+H56+P56 -> 74498.87 | W56: 0 | AA56: =+S56+U56+W56+Y56 -> 74498.87
A57: 31 | C57: Total unemployment | D57: =D55+D56 -> 450142.74 | F57: =F55+F56 -> 0 | H57: =H55+H56 -> 450142.74 | K57: =SUM(K55:K56) -> 0 | L57: =SUM(L55:L56) -> 0 | N57: =N55+N56 -> 0 | P57: =P55+P56 -> 0 | S57: =S55+S56 -> 450142.74 | U57: =SUM(U55:U56) -> 0 | V57: =SUM(V55:V56) -> 0 | W57: =W55+W56 -> 0 | Y57: =SUM(Y55:Y56) -> 0 | Z57: =SUM(Z55:Z56) -> 0 | AA57: =AA55+AA56 -> 450142.74
A59: 32 | C59: Total state, county and local taxes | D59: =+D27+D29+D36+D42+D47+D50+D57+D52 -> 16605881 | F59: =+F27+F29+F36+F42+F47+F50+F57+F52 -> 10434428 | H59: =+H27+H29+H36+H42+H47+H50+H57+H52 -> 27040308 | L59: =+L27+L42+L47+L50+L57+L29 -> 0 | N59: =+N27+N29+N36+N42+N47+N50+N57+N52 -> -12637610 | P59: =+P27+P29+P36+P42+P47+P50+P57+P52 -> -12637610 | S59: =+S27+S29+S36+S42+S47+S50+S57+S52 -> 14402699 | U59: =+U27+U42+U47+U50+U57+U29 -> 0 | W59: =+W27+W29+W36+W42+W47+W50+W57+W52 -> 0 | Y59: =+Y27+Y42+Y47+Y50+Y57+Y29 -> 0 | AA59: =+AA27+AA29+AA36+AA42+AA47+AA50+AA57+AA52 -> 14402699
A61: 33 | C61: Total other taxes | D61: =+D13+D59 -> 38375358 | F61: =+F13+F59 -> 10434428 | H61: =+H13+H59 -> 48809785 | L61: =+L13+L59 -> 0 | N61: =+N13+N59 -> -12637610 | P61: =+L61+N61 -> -12637610 | S61: =+S13+S59 -> 36172176 | U61: =+U13+U59 -> 0 | W61: =+W13+W59 -> 0 | Y61: =+Y13+Y59 -> 0 | AA61: =+AA13+AA59 -> 36172176
A62: 34 | C62: Less: State & Fed P/R Loading Reversal | D62: -22219620 | F62: 0 | H62: =SUM(D62:G62) -> -22219620 | L62: 0 | N62: 0 | P62: =+L62+N62 -> 0 | S62: =+H62+P62 -> -22219620 | U62: 0 | W62: 0 | Y62: 0 | AA62: =+S62+U62+W62+Y62 -> -22219620
A63: 35 | C63: Net other taxes | D63: =SUM(D61:D62) -> 16155738 | F63: =SUM(F61:F62) -> 10434428 | H63: =SUM(H61:H62) -> 26590166 | L63: =SUM(L61:L62) -> 0 | N63: =SUM(N61:N62) -> -12637610 | P63: =SUM(P61:P62) -> -12637610 | Q63: H | S63: =SUM(S61:S62) -> 13952556 | U63: =SUM(U61:U62) -> 0 | W63: =SUM(W61:W62) -> 0 | Y63: =SUM(Y61:Y62) -> 0 | AA63: =SUM(AA61:AA62) -> 13952556
B65: 1.) | C65: Case No:
C66: 2020 – CV01-20-14896
C67: 2021 – CV01-21-14121
C68: 2022 – CV02-22-12459
B69: 2.) | C69: Case No:
C70: 2021 – TC – MD 210375N
C71: 2022 – TC – MD 220409N
C72: 2023 – TC – MD 230406N
C73: 2024 – TC – MD 240567N

Sheet IERCO IncStmt
A1: IDAHO POWER COMPANY
A2: STATEMENT OF INCOME
A3: FOR IDAHO ENERGY RESOURCES COMPANY
A4: =+OthOpRev451_454_456!A3 -> For Twelve Months Ended December 31, 2025
A8: -1 | C8: -2 | E8: -3 | G8: -4 | I8: -5 | K8: -6 | M8: -7 | O8: -7 | Q8: -8 | T8: -9 | V8: -11 | X8: -10 | Z8: -13 | AB8: -11
K9: Methodology | T9: 2025
A10: Line | E10: 2024 | G10: 2024 | I10: 2024 | K10: 2024 | M10: 3 Period | R10: Ref | T10: Unadjusted | Z10: Known and | AB10: 2025
A11: No | C11: Description | E11: Actuals | G11: Adjustments | I11: Base | K11: Base | M11: CAGR | O11: Other | Q11: Adjustment | R11: No | T11: Test Year | V11: Normalizing | X11: Annualizing | Z11: Measurable | AB11: Test Year
C13: Income:
A15: 1 | C15: Bridger Coal Company - joint venture | E15: 2670559 | G15: 0 | I15: =SUM(E15:H15) -> 2670559 | M15: 0 | O15: 1029441 | Q15: =O15 -> 1029441 | T15: =+I15+Q15 -> 3700000 | V15: 0 | X15: 0 | Z15: 0 | AB15: =+T15+V15+X15+Z15 -> 3700000
A17: 2 | C17: Bridger Coal Company - overriding royalties | E17: 185926 | G17: 0 | I17: =SUM(E17:H17) -> 185926 | M17: 0 | O17: 119158 | Q17: =O17 -> 119158 | T17: =+I17+Q17 -> 305084 | V17: 0 | X17: 0 | Z17: 0 | AB17: =+T17+V17+X17+Z17 -> 305084
A19: 3 | C19: Interest and dividend income | E19: 0 | G19: 0 | I19: =SUM(E19:H19) -> 0 | M19: 0 | O19: 0 | Q19: =O19 -> 0 | T19: =+I19+Q19 -> 0 | V19: 0 | X19: 0 | Z19: 0 | AB19: =+T19+V19+X19+Z19 -> 0
A21: 4 | C21: Taxes Other than Income Taxes | E21: 0 | G21: 0 | I21: =SUM(E21:H21) -> 0 | M21: 0 | O21: 0 | Q21: =O21 -> 0 | T21: =+I21+Q21 -> 0 | V21: 0 | X21: 0 | Z21: 0 | AB21: =+T21+V21+X21+Z21 -> 0
A23: 5 | C23: Total income | E23: =SUM(E15:E22) -> 2856485 | G23: =SUM(G15:G22) -> 0 | I23: =SUM(I15:I22) -> 2856485 | M23: =SUM(M15:M22) -> 0 | O23: =SUM(O15:O22) -> 1148599 | Q23: =SUM(Q15:Q22) -> 1148599 | T23: =SUM(T15:T22) -> 4005084 | V23: =SUM(V15:V22) -> 0 | X23: =SUM(X15:X22) -> 0 | Z23: =SUM(Z15:Z22) -> 0 | AB23: =SUM(AB15:AB22) -> 4005084
C25: Expenses:
A27: 6 | C27: Operation expense | E27: 185926 | G27: 0 | I27: =SUM(E27:H27) -> 185926 | M27: 0 | O27: 119158 | Q27: =O27 -> 119158 | T27: =+I27+Q27 -> 305084 | V27: 0 | X27: 0 | Z27: 0 | AB27: =+T27+V27+X27+Z27 -> 305084
A29: 7 | C29: Income taxes | E29: 349244 | G29: 0 | I29: =SUM(E29:H29) -> 349244 | M29: 0 | O29: 317850 | Q29: =O29 -> 317850 | T29: =+I29+Q29 -> 667094 | V29: 0 | X29: 0 | Z29: 0 | AB29: =+T29+V29+X29+Z29 -> 667094
A31: 8 | C31: Provision for deferred income taxes | E31: 0 | G31: 0 | I31: =SUM(E31:H31) -> 0 | M31: 0 | O31: =+I31+K31+M31 -> 0 | Q31: =O31 -> 0 | T31: =+I31+Q31 -> 0 | V31: 0 | X31: 0 | Z31: 0 | AB31: =+T31+V31+X31+Z31 -> 0
A33: 9 | C33: Intercompany interest expense | E33: 670133.3 | G33: 0 | I33: =SUM(E33:H33) -> 670133.3 | M33: 0 | O33: -146769 | Q33: =O33 -> -146769 | T33: =+I33+Q33 -> 523364.3 | V33: 0 | X33: 0 | Z33: 0 | AB33: =+T33+V33+X33+Z33 -> 523364.3
A35: 10 | C35: Interest expense | E35: 0 | G35: 0 | I35: =SUM(E35:H35) -> 0 | M35: 0 | O35: 0 | Q35: =O35 -> 0 | T35: =+I35+Q35 -> 0 | V35: 0 | X35: 0 | Z35: 0 | AB35: =+T35+V35+X35+Z35 -> 0
A37: 11 | C37: Total expenses | E37: =SUM(E27:E35) -> 1205303.3 | G37: =SUM(G27:G35) -> 0 | I37: =SUM(I27:I35) -> 1205303.3 | M37: =SUM(M27:M35) -> 0 | O37: =SUM(O27:O35) -> 290239 | Q37: =SUM(Q27:Q35) -> 290239 | T37: =SUM(T27:T35) -> 1495542.3 | V37: =SUM(V27:V35) -> 0 | X37: =SUM(X27:X35) -> 0 | Z37: =SUM(Z27:Z35) -> 0 | AB37: =SUM(AB27:AB35) -> 1495542.3
A39: 12 | C39: Net income from operations | E39: =E23-E37 -> 1651181.7 | G39: =G23-G37 -> 0 | I39: =I23-I37 -> 1651181.7 | M39: =M23-M37 -> 0 | O39: =O23-O37 -> 858360 | Q39: =Q23-Q37 -> 858360 | T39: =T23-T37 -> 2509541.7 | V39: =V23-V37 -> 0 | X39: =X23-X37 -> 0 | Z39: =Z23-Z37 -> 0 | AB39: =AB23-AB37 -> 2509541.7
A41: 13 | C41: Add: Interest expense from notes payable to parent (Net of Tax) | E41: 529405.31 | G41: =+G33-G19 -> 0 | I41: =SUM(E41:H41) -> 529405.31 | M41: 0 | O41: -115947 | Q41: =O41 -> -115947 | T41: =+I41+Q41 -> 413458.31 | V41: 0 | X41: 0 | Z41: 0 | AB41: =+T41+V41+X41+Z41 -> 413458.31
A43: 14 | C43: Net income (earnings to Idaho Power Company) | E43: =E39+E41 -> 2180587 | G43: =G39+G41 -> 0 | I43: =I39+I41 -> 2180587 | M43: =M39+M41 -> 0 | O43: =O39+O41 -> 742413 | Q43: =Q39+Q41 -> 742413 | R43: I | T43: =T39+T41 -> 2923000 | V43: =V39+V41 -> 0 | X43: =X39+X41 -> 0 | Z43: =Z39+Z41 -> 0 | AB43: =AB39+AB41 -> 2923000

Sheet AFUDC Hells Canyon
A1: IDAHO POWER COMPANY
A2: ALLOWANCE FOR FUNDS USED DURING CONSTRUCTION (AFUDC) RELATED TO HELLS CANYON RELICENSING COLLECTED FROM CUSTOMERS
A3: =+OthOpRev451_454_456!A3 -> For Twelve Months Ended December 31, 2025
A5: -1 | D5: -2 | F5: -3 | H5: -4 | J5: -5 | L5: -6 | N5: -7 | P5: -7 | R5: -8 | U5: -9 | W5: -11 | Y5: -10 | AA5: -13 | AC5: -11
L6: Methodology | U6: 2025
A7: Line | F7: 2024 | H7: 2024 | J7: 2024 | L7: 2024 | N7: 3 Period | S7: Ref | U7: Unadjusted | AA7: Known and | AC7: 2025
A8: No | D8: Description | F8: Actuals | H8: Adjustments | J8: Base | L8: Base | N8: CAGR | P8: Other | R8: Adjustment | S8: No | U8: Test Year | W8: Normalizing | Y8: Annualizing | AA8: Measurable | AC8: Test Year
A10: 1 | D10: AFUDC related to Hells Canyon relicensing collected | F10: 8803453 | J10: =SUM(F10:I10) -> 8803453 | N10: 0 | P10: 29708787 | R10: =+N10+P10 -> 29708787 | U10: =+J10+R10 -> 38512240 | W10: 0 | Y10: 0 | AA10: 0 | AC10: =+U10+W10+Y10+AA10 -> 38512240
A12: =A10+1 -> 2 | D12: Total AFUDC related to Hells Canyon Relicensing Collected | F12: =SUM(F10:F11) -> 8803453 | H12: =SUM(H10:H11) -> 0 | J12: =SUM(J10:J11) -> 8803453 | N12: =SUM(N10:N11) -> 0 | P12: =SUM(P10:P11) -> 29708787 | R12: =SUM(R10:R11) -> 29708787 | S12: J | U12: =SUM(U10:U11) -> 38512240 | W12: =SUM(W10:W11) -> 0 | Y12: =SUM(Y10:Y11) -> 0 | AA12: =SUM(AA10:AA11) -> 0 | AC12: =SUM(AC10:AC11) -> 38512240

Sheet EPIS
A1: IDAHO POWER COMPANY
A2: ELECTRIC PLANT IN SERVICE (Excluding ARO Entries)
A3: For The Thirteen Months Ended December 31, 2025
A5: -1 | C5: -2 | E5: -3 | G5: -4 | I5: -5 | K5: -6 | M5: -7 | O5: -7 | Q5: -8 | T5: -9 | V5: -11 | X5: -10 | Z5: -13 | AB5: -11
K6: Methodology | T6: 2025
A7: Line | E7: 2024 | G7: 2024 | I7: 2024 | K7: 2024 | M7: 3 Period | R7: Ref | T7: Unadjusted | Z7: Known and | AB7: 2025
A8: No | C8: Month | E8: Actuals | G8: Adjustments | I8: Base | K8: Base | M8: CAGR | O8: Other | Q8: Adjustment | R8: No | T8: Test Year | V8: Normalizing | X8: Annualizing | Z8: Measurable | AB8: Test Year
A11: 1 | C11: December, 2023 | E11: 7253523908 | G11: -6.8245634e+08 | I11: =SUM(E11:H11) -> 6.5710676e+09 | M11: 0 | O11: =7239242232.00669-I11 -> 6.6817466e+08 | Q11: =+K11+M11+O11 -> 6.6817466e+08 | T11: =+I11+Q11 -> 7.2392422e+09 | V11: 0 | X11: 0 | Z11: 0 | AB11: =+T11+V11+X11+Z11 -> 7.2392422e+09
A13: 2 | C13: January, 2024 | E13: 7261008211 | G13: -6.8315832e+08 | I13: =SUM(E13:H13) -> 6.5778499e+09 | M13: 0 | O13: =7246825154.37-I13 -> 6.6897527e+08 | Q13: =+K13+M13+O13 -> 6.6897527e+08 | T13: =+I13+Q13 -> 7.2468252e+09 | V13: 0 | X13: 0 | Z13: 0 | AB13: =+T13+V13+X13+Z13 -> 7.2468252e+09
A15: 3 | C15: February | E15: 7281089230 | G15: -6.8341053e+08 | I15: =SUM(E15:H15) -> 6.5976787e+09 | M15: 0 | O15: =7266388920.5209-I15 -> 6.6871022e+08 | Q15: =+K15+M15+O15 -> 6.6871022e+08 | T15: =+I15+Q15 -> 7.2663889e+09 | V15: 0 | X15: 0 | Z15: 0 | AB15: =+T15+V15+X15+Z15 -> 7.2663889e+09
A17: 4 | C17: March | E17: 7314551002 | G17: -6.8322484e+08 | I17: =SUM(E17:H17) -> 6.6313262e+09 | M17: 0 | O17: =7317929549.04287-I17 -> 6.8660339e+08 | Q17: =+K17+M17+O17 -> 6.8660339e+08 | T17: =+I17+Q17 -> 7.3179295e+09 | V17: 0 | X17: 0 | Z17: 0 | AB17: =+T17+V17+X17+Z17 -> 7.3179295e+09
A19: 5 | C19: April | E19: 7346754348 | G19: -6.8405457e+08 | I19: =SUM(E19:H19) -> 6.6626998e+09 | M19: 0 | O19: =7344595244.34664-I19 -> 6.8189546e+08 | Q19: =+K19+M19+O19 -> 6.8189546e+08 | T19: =+I19+Q19 -> 7.3445952e+09 | V19: 0 | X19: 0 | Z19: 0 | AB19: =+T19+V19+X19+Z19 -> 7.3445952e+09
A21: 6 | C21: May | E21: 7368957017 | G21: -6.8572148e+08 | I21: =SUM(E21:H21) -> 6.6832355e+09 | M21: 0 | O21: =7371891728.52767-I21 -> 6.8865619e+08 | Q21: =+K21+M21+O21 -> 6.8865619e+08 | T21: =+I21+Q21 -> 7.3718917e+09 | V21: 0 | X21: 0 | Z21: 0 | AB21: =+T21+V21+X21+Z21 -> 7.3718917e+09
A23: 7 | C23: June | E23: 7439306458 | G23: -6.8688243e+08 | I23: =SUM(E23:H23) -> 6.752424e+09 | M23: 0 | O23: =7553792788.12-I23 -> 8.0136876e+08 | Q23: =+K23+M23+O23 -> 8.0136876e+08 | T23: =+I23+Q23 -> 7.5537928e+09 | V23: 0 | X23: 0 | Z23: 0 | AB23: =+T23+V23+X23+Z23 -> 7.5537928e+09
A25: 8 | C25: July | E25: 7453808548 | G25: -6.8709367e+08 | I25: =SUM(E25:H25) -> 6.7667149e+09 | M25: 0 | O25: =7582259683.55-I25 -> 8.155448e+08 | Q25: =+K25+M25+O25 -> 8.155448e+08 | T25: =+I25+Q25 -> 7.5822597e+09 | V25: 0 | X25: 0 | Z25: 0 | AB25: =+T25+V25+X25+Z25 -> 7.5822597e+09
A27: 9 | C27: August | E27: 7473268183 | G27: -6.8739731e+08 | I27: =SUM(E27:H27) -> 6.7858709e+09 | M27: 0 | O27: =7601357096.45-I27 -> 8.1548623e+08 | Q27: =+K27+M27+O27 -> 8.1548623e+08 | T27: =+I27+Q27 -> 7.6013571e+09 | V27: 0 | X27: 0 | Z27: 0 | AB27: =+T27+V27+X27+Z27 -> 7.6013571e+09
A29: 10 | C29: September | E29: 7633287972 | G29: -6.8813979e+08 | I29: =SUM(E29:H29) -> 6.9451482e+09 | M29: 0 | O29: =7639205414.03-I29 -> 6.9405724e+08 | Q29: =+K29+M29+O29 -> 6.9405724e+08 | T29: =+I29+Q29 -> 7.6392054e+09 | V29: 0 | X29: 0 | Z29: 0 | AB29: =+T29+V29+X29+Z29 -> 7.6392054e+09
A31: 11 | C31: October | E31: 7638776787 | G31: -6.8203051e+08 | I31: =SUM(E31:H31) -> 6.9567463e+09 | M31: 0 | O31: =7675531775.4-I31 -> 7.187855e+08 | Q31: =+K31+M31+O31 -> 7.187855e+08 | T31: =+I31+Q31 -> 7.6755318e+09 | V31: 0 | X31: 0 | Z31: 0 | AB31: =+T31+V31+X31+Z31 -> 7.6755318e+09
A33: 12 | C33: November | E33: 7794698322 | G33: -6.827748e+08 | I33: =SUM(E33:H33) -> 7.1119235e+09 | M33: 0 | O33: =7713139495.38-I33 -> 6.0121597e+08 | Q33: =+K33+M33+O33 -> 6.0121597e+08 | T33: =+I33+Q33 -> 7.7131395e+09 | V33: 0 | X33: 0 | Z33: 0 | AB33: =+T33+V33+X33+Z33 -> 7.7131395e+09
A35: 13 | C35: December | E35: 7921572421 | G35: -6.8233019e+08 | I35: =SUM(E35:H35) -> 7.2392422e+09 | M35: 0 | O35: =7826718377.52-I35 -> 5.8747615e+08 | Q35: =+K35+M35+O35 -> 5.8747615e+08 | T35: =+I35+Q35 -> 7.8267184e+09 | V35: 0 | X35: 0 | Z35: 0 | AB35: =+T35+V35+X35+Z35 -> 7.8267184e+09
A38: 14 | C38: Average | E38: =SUM(E11:E35)/13 -> 7.475431e+09 | G38: =SUM(G11:G35)/13 -> -6.8451344e+08 | I38: =SUM(I11:I35)/13 -> 6.7909175e+09 | M38: =SUM(M11:M37)/13 -> 0 | O38: =SUM(O11:O35)/13 -> 6.9976537e+08 | Q38: =SUM(Q11:Q35)/13 -> 6.9976537e+08 | R38: K | T38: =SUM(T11:T35)/13 -> 7.4906829e+09 | V38: =SUM(V11:V37)/13 -> 0 | X38: =SUM(X11:X35)/13 -> 0 | Z38: =SUM(Z11:Z37)/13 -> 0 | AB38: =SUM(AB11:AB35)/13 -> 7.4906829e+09

Sheet AccDepr
A1: IDAHO POWER COMPANY
A2: ACCUMULATED PROVISION FOR DEPRECIATION (Excluding ARO Entries)
A3: =+[19]EPIS!A3 -> For The Thirteen Months Ended December 31, 2025
A5: -1 | C5: -2 | E5: -3 | G5: -4 | I5: -5 | K5: -6 | M5: -7 | O5: -7 | Q5: -8 | T5: -9 | V5: -11 | X5: -10 | Z5: -13 | AB5: -11
K6: Methodology | T6: 2025
A7: Line | E7: 2024 | G7: 2024 | I7: 2024 | K7: 2024 | M7: 3 Period | R7: Ref | T7: Unadjusted | Z7: Known and | AB7: 2025
A8: No | C8: Month | E8: Actuals | G8: Adjustments | I8: Base | K8: Base | M8: CAGR | O8: Other | Q8: Adjustment | R8: No | T8: Test Year | V8: Normalizing | X8: Annualizing | Z8: Measurable | AB8: Test Year
A11: 1 | C11: December, 2023 | E11: 2.6617881e+09 | G11: -5.1571299e+08 | I11: =SUM(E11:H11) -> 2.1460751e+09 | M11: 0 | O11: =2231647658.17-I11 -> 85572544 | Q11: =+K11+M11+O11 -> 85572544 | T11: =+I11+Q11 -> 2.2316477e+09 | V11: 0 | X11: 0 | Z11: 0 | AB11: =+T11+V11+X11+Z11 -> 2.2316477e+09
A13: 2 | C13: January, 2024 | E13: 2.6788717e+09 | G13: -5.2036074e+08 | I13: =SUM(E13:H13) -> 2.158511e+09 | M13: 0 | O13: =2242043342.86748-I13 -> 83532387 | Q13: =+K13+M13+O13 -> 83532387 | T13: =+I13+Q13 -> 2.2420433e+09 | V13: 0 | X13: 0 | Z13: 0 | AB13: =+T13+V13+X13+Z13 -> 2.2420433e+09
A15: 3 | C15: February | E15: 2.6952991e+09 | G15: -5.2501893e+08 | I15: =SUM(E15:H15) -> 2.1702802e+09 | M15: 0 | O15: =2251223602.48626-I15 -> 80943446 | Q15: =+K15+M15+O15 -> 80943446 | T15: =+I15+Q15 -> 2.2512236e+09 | V15: 0 | X15: 0 | Z15: 0 | AB15: =+T15+V15+X15+Z15 -> 2.2512236e+09
A17: 4 | C17: March | E17: 2.7123243e+09 | G17: -5.2969466e+08 | I17: =SUM(E17:H17) -> 2.1826296e+09 | M17: 0 | O17: =2251177128.21711-I17 -> 68547487 | Q17: =+K17+M17+O17 -> 68547487 | T17: =+I17+Q17 -> 2.2511771e+09 | V17: 0 | X17: 0 | Z17: 0 | AB17: =+T17+V17+X17+Z17 -> 2.2511771e+09
A19: 5 | C19: April | E19: 2.7257591e+09 | G19: -5.3435339e+08 | I19: =SUM(E19:H19) -> 2.1914057e+09 | M19: 0 | O19: =2257181640.27832-I19 -> 65775941 | Q19: =+K19+M19+O19 -> 65775941 | T19: =+I19+Q19 -> 2.2571816e+09 | V19: 0 | X19: 0 | Z19: 0 | AB19: =+T19+V19+X19+Z19 -> 2.2571816e+09
A21: 6 | C21: May | E21: 2.7308964e+09 | G21: -5.3903816e+08 | I21: =SUM(E21:H21) -> 2.1918582e+09 | M21: 0 | O21: =2265373368.89871-I21 -> 73515129 | Q21: =+K21+M21+O21 -> 73515129 | T21: =+I21+Q21 -> 2.2653734e+09 | V21: 0 | X21: 0 | Z21: 0 | AB21: =+T21+V21+X21+Z21 -> 2.2653734e+09
A23: 7 | C23: June | E23: 2.7395906e+09 | G23: -5.4367556e+08 | I23: =SUM(E23:H23) -> 2.195915e+09 | M23: 0 | O23: =2261608699.63-I23 -> 65693663 | Q23: =+K23+M23+O23 -> 65693663 | T23: =+I23+Q23 -> 2.2616087e+09 | V23: 0 | X23: 0 | Z23: 0 | AB23: =+T23+V23+X23+Z23 -> 2.2616087e+09
A25: 8 | C25: July | E25: 2.7547824e+09 | G25: -5.4856484e+08 | I25: =SUM(E25:H25) -> 2.2062176e+09 | M25: 0 | O25: =2268530351.57-I25 -> 62312759 | Q25: =+K25+M25+O25 -> 62312759 | T25: =+I25+Q25 -> 2.2685304e+09 | V25: 0 | X25: 0 | Z25: 0 | AB25: =+T25+V25+X25+Z25 -> 2.2685304e+09
A27: 9 | C27: August | E27: 2.7497156e+09 | G27: -5.5351277e+08 | I27: =SUM(E27:H27) -> 2.1962028e+09 | M27: 0 | O27: =2277069370.36-I27 -> 80866581 | Q27: =+K27+M27+O27 -> 80866581 | T27: =+I27+Q27 -> 2.2770694e+09 | V27: 0 | X27: 0 | Z27: 0 | AB27: =+T27+V27+X27+Z27 -> 2.2770694e+09
A29: 10 | C29: September | E29: 2.7646456e+09 | G29: -5.5837397e+08 | I29: =SUM(E29:H29) -> 2.2062716e+09 | M29: 0 | O29: =2278767496.44-I29 -> 72495914 | Q29: =+K29+M29+O29 -> 72495914 | T29: =+I29+Q29 -> 2.2787675e+09 | V29: 0 | X29: 0 | Z29: 0 | AB29: =+T29+V29+X29+Z29 -> 2.2787675e+09
A31: 11 | C31: October | E31: 2.7802377e+09 | G31: -5.6322986e+08 | I31: =SUM(E31:H31) -> 2.2170079e+09 | M31: 0 | O31: =2285340447.67-I31 -> 68332563 | Q31: =+K31+M31+O31 -> 68332563 | T31: =+I31+Q31 -> 2.2853404e+09 | V31: 0 | X31: 0 | Z31: 0 | AB31: =+T31+V31+X31+Z31 -> 2.2853404e+09
A33: 12 | C33: November | E33: 2.7942632e+09 | G33: -5.6783048e+08 | I33: =SUM(E33:H33) -> 2.2264327e+09 | M33: 0 | O33: =2290678259.55-I33 -> 64245541 | Q33: =+K33+M33+O33 -> 64245541 | T33: =+I33+Q33 -> 2.2906783e+09 | V33: 0 | X33: 0 | Z33: 0 | AB33: =+T33+V33+X33+Z33 -> 2.2906783e+09
A35: 13 | C35: December | E35: 2.8035125e+09 | G35: -5.7186486e+08 | I35: =SUM(E35:H35) -> 2.2316477e+09 | M35: 0 | O35: =2281850815.41-I35 -> 50203157 | Q35: =+K35+M35+O35 -> 50203157 | T35: =+I35+Q35 -> 2.2818508e+09 | V35: 0 | X35: 0 | Z35: 0 | AB35: =+T35+V35+X35+Z35 -> 2.2818508e+09
A38: 14 | C38: Average | E38: =SUM(E11:E35)/13 -> 2.737822e+09 | G38: =SUM(G11:G35)/13 -> -5.4394086e+08 | I38: =SUM(I11:I35)/13 -> 2.1938812e+09 | M38: =SUM(M11:M37)/13 -> 0 | O38: =SUM(O11:O35)/13 -> 70925932 | Q38: =SUM(Q11:Q35)/13 -> 70925932 | R38: L | T38: =SUM(T11:T35)/13 -> 2.2648071e+09 | U38: =SUM(U11:U37)/13 -> 0 | V38: =SUM(V11:V37)/13 -> 0 | X38: =SUM(X11:X35)/13 -> 0 | Z38: =SUM(Z11:Z37)/13 -> 0 | AB38: =SUM(AB11:AB35)/13 -> 2.2648071e+09

Sheet AccAmort
A1: IDAHO POWER COMPANY
A2: ACCUMULATED PROVISION FOR AMORTIZATION (Excluding ARO Entries)
A3: OF ELECTRIC UTILITY PLANT
A4: =AccDepr!A3 -> For The Thirteen Months Ended December 31, 2025
A6: -1 | C6: -2 | E6: -3 | G6: -4 | I6: -5 | K6: -6 | M6: -7 | O6: -7 | Q6: -8 | T6: -9 | V6: -10 | X6: -12 | Z6: -13 | AB6: -11
K7: Methodology | T7: 2025
A8: Line | E8: 2024 | G8: 2024 | I8: 2024 | K8: 2024 | M8: 3 Period | R8: Ref | T8: Unadjusted | Z8: Known and | AB8: 2025
A9: No | C9: Month | E9: Actuals | G9: Adjustments | I9: Base | K9: Base | M9: CAGR | O9: Other | Q9: Adjustment | R9: No | T9: Test Year | V9: Normalizing | X9: Annualizing | Z9: Measurable | AB9: Test Year
A12: 1 | C12: December, 2023 | E12: 44487567 | G12: 0 | I12: =SUM(E12:H12) -> 44487567 | M12: 0 | O12: =50659111-I12 -> 6171544 | Q12: =+K12+M12+O12 -> 6171544 | T12: =+I12+Q12 -> 50659111 | V12: 0 | X12: 0 | Z12: 0 | AB12: =+T12+V12+X12+Z12 -> 50659111
A14: 2 | C14: January, 2024 | E14: 45071256 | G14: 0 | I14: =SUM(E14:H14) -> 45071256 | M14: 0 | O14: =51471883.01-I14 -> 6400627 | Q14: =+K14+M14+O14 -> 6400627 | T14: =+I14+Q14 -> 51471883 | V14: 0 | X14: 0 | Z14: 0 | AB14: =+T14+V14+X14+Z14 -> 51471883
A16: 3 | C16: February | E16: 45667196 | G16: 0 | I16: =SUM(E16:H16) -> 45667196 | M16: 0 | O16: =51499182.47-I16 -> 5831986.5 | Q16: =+K16+M16+O16 -> 5831986.5 | T16: =+I16+Q16 -> 51499182 | V16: 0 | X16: 0 | Z16: 0 | AB16: =+T16+V16+X16+Z16 -> 51499182
A18: 4 | C18: March | E18: 46265348 | G18: 0 | I18: =SUM(E18:H18) -> 46265348 | M18: 0 | O18: =52225916.1-I18 -> 5960568.1 | Q18: =+K18+M18+O18 -> 5960568.1 | T18: =+I18+Q18 -> 52225916 | V18: 0 | X18: 0 | Z18: 0 | AB18: =+T18+V18+X18+Z18 -> 52225916
A20: 5 | C20: April | E20: 46826190 | G20: 0 | I20: =SUM(E20:H20) -> 46826190 | M20: 0 | O20: =53022272.66-I20 -> 6196082.7 | Q20: =+K20+M20+O20 -> 6196082.7 | T20: =+I20+Q20 -> 53022273 | V20: 0 | X20: 0 | Z20: 0 | AB20: =+T20+V20+X20+Z20 -> 53022273
A22: 6 | C22: May | E22: 47427873 | G22: 0 | I22: =SUM(E22:H22) -> 47427873 | M22: 0 | O22: =53805984.12-I22 -> 6378111.1 | Q22: =+K22+M22+O22 -> 6378111.1 | T22: =+I22+Q22 -> 53805984 | V22: 0 | X22: 0 | Z22: 0 | AB22: =+T22+V22+X22+Z22 -> 53805984
A24: 7 | C24: June | E24: 47986943 | G24: 0 | I24: =SUM(E24:H24) -> 47986943 | M24: 0 | O24: =54627341.92-I24 -> 6640398.9 | Q24: =+K24+M24+O24 -> 6640398.9 | T24: =+I24+Q24 -> 54627342 | V24: 0 | X24: 0 | Z24: 0 | AB24: =+T24+V24+X24+Z24 -> 54627342
A26: 8 | C26: July | E26: 48614297 | G26: 0 | I26: =SUM(E26:H26) -> 48614297 | M26: 0 | O26: =55368714.88-I26 -> 6754417.9 | Q26: =+K26+M26+O26 -> 6754417.9 | T26: =+I26+Q26 -> 55368715 | V26: 0 | X26: 0 | Z26: 0 | AB26: =+T26+V26+X26+Z26 -> 55368715
A28: 9 | C28: August | E28: 49252545 | G28: 0 | I28: =SUM(E28:H28) -> 49252545 | M28: 0 | O28: =56197439.78-I28 -> 6944894.8 | Q28: =+K28+M28+O28 -> 6944894.8 | T28: =+I28+Q28 -> 56197440 | V28: 0 | X28: 0 | Z28: 0 | AB28: =+T28+V28+X28+Z28 -> 56197440
A30: 10 | C30: September | E30: 49902183 | G30: 0 | I30: =SUM(E30:H30) -> 49902183 | M30: 0 | O30: =57028018.88-I30 -> 7125835.9 | Q30: =+K30+M30+O30 -> 7125835.9 | T30: =+I30+Q30 -> 57028019 | V30: 0 | X30: 0 | Z30: 0 | AB30: =+T30+V30+X30+Z30 -> 57028019
A32: 11 | C32: October | E32: 50559376 | G32: 0 | I32: =SUM(E32:H32) -> 50559376 | M32: 0 | O32: =57709231.76-I32 -> 7149855.8 | Q32: =+K32+M32+O32 -> 7149855.8 | T32: =+I32+Q32 -> 57709232 | V32: 0 | X32: 0 | Z32: 0 | AB32: =+T32+V32+X32+Z32 -> 57709232
A34: 12 | C34: November | E34: 49898707 | G34: 0 | I34: =SUM(E34:H34) -> 49898707 | M34: 0 | O34: =58531738.01-I34 -> 8633031 | Q34: =+K34+M34+O34 -> 8633031 | T34: =+I34+Q34 -> 58531738 | V34: 0 | X34: 0 | Z34: 0 | AB34: =+T34+V34+X34+Z34 -> 58531738
A36: 13 | C36: December | E36: 50659111 | G36: 0 | I36: =SUM(E36:H36) -> 50659111 | M36: 0 | O36: =56528317.81-I36 -> 5869206.8 | Q36: =+K36+M36+O36 -> 5869206.8 | T36: =+I36+Q36 -> 56528318 | V36: 0 | X36: 0 | Z36: 0 | AB36: =+T36+V36+X36+Z36 -> 56528318
A39: 14 | C39: Average | E39: =SUM(E12:E36)/13 -> 47893738 | G39: =SUM(G12:G36)/13 -> 0 | I39: =SUM(I12:I36)/13 -> 47893738 | M39: =SUM(M12:M38)/13 -> 0 | O39: =SUM(O12:O36)/13 -> 6619735.4 | Q39: =SUM(Q12:Q36)/13 -> 6619735.4 | R39: M | T39: =SUM(T12:T36)/13 -> 54513473 | V39: =SUM(V12:V36)/13 -> 0 | X39: =SUM(X12:X38)/13 -> 0 | Z39: =SUM(Z12:Z38)/13 -> 0 | AB39: =SUM(AB12:AB36)/13 -> 54513473

Sheet M&S
A1: IDAHO POWER COMPANY
A2: MATERIALS AND SUPPLIES
A3: =AccAmort!A4 -> For The Thirteen Months Ended December 31, 2025
A6: -1 | C6: -2 | E6: -3 | G6: -4 | I6: -5 | K6: -6 | M6: -7 | O6: -7 | Q6: -8 | S6: -9 | U6: -10 | W6: -11 | Y6: -12 | AA6: -13
K7: Methodology | S7: 2025
A8: Line | E8: 2024 | G8: 2024 | I8: 2024 | K8: 2024 | M8: 3 Period | R8: Ref | S8: Unadjusted | Y8: Known and | AA8: 2025
A9: No | C9: Description - Account 154 & 163 | E9: Actuals | G9: Adjustments | I9: Base | K9: Base | M9: CAGR | O9: Other | Q9: Adjustment | R9: No | S9: Test Year | U9: Normalizing | W9: Annualizing | Y9: Measurable | AA9: Test Year
A12: 1 | C12: December, 2023 | E12: 1.4051458e+08 | G12: 0 | I12: =SUM(E12:H12) -> 1.4051458e+08 | K12: 0 | M12: 0 | O12: 0 | Q12: =+K12+M12+O12 -> 0 | S12: =I12+Q12 -> 1.4051458e+08 | U12: 0 | W12: 0 | Y12: 0 | AA12: =+S12+U12+W12+Y12 -> 1.4051458e+08
A14: 2 | C14: January, 2024 | E14: 1.4823387e+08 | G14: 0 | I14: =SUM(E14:H14) -> 1.4823387e+08 | K14: 0 | M14: 0 | O14: 0 | Q14: =+K14+M14+O14 -> 0 | S14: =I14+Q14 -> 1.4823387e+08 | U14: 0 | W14: 0 | Y14: 0 | AA14: =+S14+U14+W14+Y14 -> 1.4823387e+08
A16: 3 | C16: February | E16: 1.5288722e+08 | G16: 0 | I16: =SUM(E16:H16) -> 1.5288722e+08 | K16: 0 | M16: 0 | O16: 0 | Q16: =+K16+M16+O16 -> 0 | S16: =I16+Q16 -> 1.5288722e+08 | U16: 0 | W16: 0 | Y16: 0 | AA16: =+S16+U16+W16+Y16 -> 1.5288722e+08
A18: 4 | C18: March | E18: 1.5631717e+08 | G18: 0 | I18: =SUM(E18:H18) -> 1.5631717e+08 | K18: 0 | M18: 0 | O18: 0 | Q18: =+K18+M18+O18 -> 0 | S18: =I18+Q18 -> 1.5631717e+08 | U18: 0 | W18: 0 | Y18: 0 | AA18: =+S18+U18+W18+Y18 -> 1.5631717e+08
A20: 5 | C20: April | E20: 1.5989795e+08 | G20: 0 | I20: =SUM(E20:H20) -> 1.5989795e+08 | K20: 0 | M20: 0 | O20: 0 | Q20: =+K20+M20+O20 -> 0 | S20: =I20+Q20 -> 1.5989795e+08 | U20: 0 | W20: 0 | Y20: 0 | AA20: =+S20+U20+W20+Y20 -> 1.5989795e+08
A22: 6 | C22: May | E22: 1.6015299e+08 | G22: 0 | I22: =SUM(E22:H22) -> 1.6015299e+08 | K22: 0 | M22: 0 | O22: 0 | Q22: =+K22+M22+O22 -> 0 | S22: =I22+Q22 -> 1.6015299e+08 | U22: 0 | W22: 0 | Y22: 0 | AA22: =+S22+U22+W22+Y22 -> 1.6015299e+08
A24: 7 | C24: June | E24: 1.6517984e+08 | G24: 0 | I24: =SUM(E24:H24) -> 1.6517984e+08 | K24: 0 | M24: 0 | O24: 0 | Q24: =+K24+M24+O24 -> 0 | S24: =I24+Q24 -> 1.6517984e+08 | U24: 0 | W24: 0 | Y24: 0 | AA24: =+S24+U24+W24+Y24 -> 1.6517984e+08
A26: 8 | C26: July | E26: 1.6562179e+08 | G26: 0 | I26: =SUM(E26:H26) -> 1.6562179e+08 | K26: 0 | M26: 0 | O26: 0 | Q26: =+K26+M26+O26 -> 0 | S26: =I26+Q26 -> 1.6562179e+08 | U26: 0 | W26: 0 | Y26: 0 | AA26: =+S26+U26+W26+Y26 -> 1.6562179e+08
A28: 9 | C28: August | E28: 1.7089121e+08 | G28: 0 | I28: =SUM(E28:H28) -> 1.7089121e+08 | K28: 0 | M28: 0 | O28: 0 | Q28: =+K28+M28+O28 -> 0 | S28: =I28+Q28 -> 1.7089121e+08 | U28: 0 | W28: 0 | Y28: 0 | AA28: =+S28+U28+W28+Y28 -> 1.7089121e+08
A30: 10 | C30: September | E30: 1.7969282e+08 | G30: 0 | I30: =SUM(E30:H30) -> 1.7969282e+08 | K30: 0 | M30: 0 | O30: 0 | Q30: =+K30+M30+O30 -> 0 | S30: =I30+Q30 -> 1.7969282e+08 | U30: 0 | W30: 0 | Y30: 0 | AA30: =+S30+U30+W30+Y30 -> 1.7969282e+08
A32: 11 | C32: October | E32: 1.8628334e+08 | G32: 0 | I32: =SUM(E32:H32) -> 1.8628334e+08 | K32: 0 | M32: 0 | O32: 0 | Q32: =+K32+M32+O32 -> 0 | S32: =I32+Q32 -> 1.8628334e+08 | U32: 0 | W32: 0 | Y32: 0 | AA32: =+S32+U32+W32+Y32 -> 1.8628334e+08
A34: 12 | C34: November | E34: 1.9720373e+08 | G34: -10853296 | I34: =SUM(E34:H34) -> 1.8635044e+08 | K34: 0 | M34: 0 | O34: 0 | Q34: =+K34+M34+O34 -> 0 | S34: =I34+Q34 -> 1.8635044e+08 | U34: 0 | W34: 0 | Y34: 0 | AA34: =+S34+U34+W34+Y34 -> 1.8635044e+08
A36: 13 | C36: December | E36: 2.0106442e+08 | G36: -10853296 | I36: =SUM(E36:H36) -> 1.9021113e+08 | K36: 0 | M36: 0 | O36: 0 | Q36: =+K36+M36+O36 -> 0 | S36: =I36+Q36 -> 1.9021113e+08 | U36: 0 | W36: 0 | Y36: 0 | AA36: =+S36+U36+W36+Y36 -> 1.9021113e+08
A39: 14 | C39: Average | E39: =SUM(E12:E36)/13 -> 1.6799546e+08 | G39: =SUM(G12:G38)/13 -> -1669737.8 | I39: =SUM(I12:I38)/13 -> 1.6632572e+08 | K39: =SUM(K12:K38)/13 -> 0 | M39: =SUM(M12:M38)/13 -> 0 | N39: N | O39: =SUM(O12:O38)/13 -> 0 | Q39: =SUM(Q12:Q38)/13 -> 0 | R39: N | S39: =SUM(S12:S38)/13 -> 1.6632572e+08 | U39: =SUM(U12:U38)/13 -> 0 | W39: =SUM(W12:W38)/13 -> 0 | Y39: =SUM(Y12:Y38)/13 -> 0 | AA39: =+S39 -> 1.6632572e+08

Sheet OthDef
A1: IDAHO POWER COMPANY
A2: OTHER DEFERRED PROGRAMS
A3: At December 31, 2025
A6: -1 | D6: -2 | F6: -3 | H6: -4 | J6: -5 | L6: -6 | N6: -7 | P6: -7 | R6: -8 | U6: -9 | W6: -11 | Y6: -10 | AA6: -13 | AC6: -11
L7: Methodology | U7: 2025
A8: Line | F8: 2024 | H8: 2024 | J8: 2024 | L8: 2024 | N8: 3 Period | S8: Ref | U8: Unadjusted | AA8: Known and | AC8: 2025
A9: No | D9: Description | F9: Actuals | H9: Adjustments | J9: Base | L9: Base | N9: CAGR | P9: Other | R9: Adjustment | S9: No | U9: Test Year | W9: Normalizing | Y9: Annualizing | AA9: Measurable | AC9: Test Year
B11: Idaho Public Utilities Commission:
C13: Account 186
A15: 1 | D15: American Falls Bond Refinancing - (IPUC Order 25880) | F15: 10425.9 | H15: 0 | J15: =SUM(F15:I15) -> 10425.9 | N15: 0 | P15: -10425.9 | R15: =+L15+N15+P15 -> -10425.9 | U15: =+J15+R15 -> 0 | W15: 0 | Y15: 0 | AA15: 0 | AC15: =+U15+W15+Y15+AA15 -> 0
C17: Account 182
A19: 2 | D19: Siemens LTP Rate Base - (IPUC Order 33420) | F19: 11563839 | H19: 0 | J19: =SUM(F19:I19) -> 11563839 | N19: 0 | P19: -643866.36 | R19: =+L19+N19+P19 -> -643866.36 | U19: =+J19+R19 -> 10919972 | W19: 0 | Y19: 0 | AA19: 0 | AC19: =+U19+W19+Y19+AA19 -> 10919972
A21: 3 | D21: Siemens LTP Deferred Rate Base - (IPUC Order 33420) | F21: 7749518.7 | H21: 0 | J21: =SUM(F21:I21) -> 7749518.7 | N21: 0 | P21: -431487.6 | R21: =+L21+N21+P21 -> -431487.6 | U21: =+J21+R21 -> 7318031.1 | W21: 0 | Y21: 0 | AA21: 0 | AC21: =+U21+W21+Y21+AA21 -> 7318031.1
A23: 4 | D23: Cloud Computing - (IPUC Order 34707) | F23: 1322508.8 | H23: -439261.5 | J23: =SUM(F23:I23) -> 883247.3 | N23: 0 | P23: 91606 | R23: =+L23+N23+P23 -> 91606 | U23: =+J23+R23 -> 974853.3 | W23: 0 | Y23: 0 | AA23: 0 | AC23: =+U23+W23+Y23+AA23 -> 974853.3
A25: 5 | D25: Wildfire Mitigation - (IPUC Order 35077, 35717, 36042) | F25: 40349931 | H25: 0 | J25: =F25+H25 -> 40349931 | N25: 0 | P25: =32998000-10478275.88 -> 22519724 | R25: =N25+P25 -> 22519724 | U25: =+J25+R25 -> 62869655 | W25: 0 | Y25: 0 | AA25: 0 | AC25: =+U25+W25+Y25+AA25 -> 62869655
A27: 6 | D27: Wildfire Mitigation Amort - (IPUC Order 36042) | F27: 22867052 | H27: 0 | J27: =F27+H27 -> 22867052 | N27: 0 | P27: -3811175.3 | R27: =N27+P27 -> -3811175.3 | U27: =+J27+R27 -> 19055877 | W27: 0 | Y27: 0 | AA27: 0 | AC27: =+U27+W27+Y27+AA27 -> 19055877
W28: 0 | AA28: 0
A29: 7 | D29: Western Resource Adequacy Program - (IPUC Order 35920) | F29: 635220.68 | H29: 0 | J29: =F29+H29 -> 635220.68 | P29: 386557.6 | R29: =N29+P29 -> 386557.6 | U29: =+J29+R29 -> 1021778.3 | W29: 0 | Y29: 0 | AA29: 0 | AC29: =+U29+W29+Y29+AA29 -> 1021778.3
A31: 8 | D31: Intervenor Funding - (IPUC Order 36042, 36048) | F31: 51057.27 | H31: 0 | J31: =F31+H31 -> 51057.27 | P31: =2829.8-53887.07 -> -51057.27 | R31: =N31+P31 -> -51057.27 | U31: =+J31+R31 -> 0 | Y31: 0 | AC31: =+U31+W31+Y31+AA31 -> 0
A33: 9 | D33: Intervenor Funding Amort - (IPUC Order 36042) | F33: 230036.89 | H33: 0 | J33: =F33+H33 -> 230036.89 | P33: -38339.52 | R33: =N33+P33 -> -38339.52 | U33: =+J33+R33 -> 191697.37 | Y33: 0 | AC33: =+U33+W33+Y33+AA33 -> 191697.37
B35: Oregon Public Utilities Commission:
C37: Account 182
A39: 10 | D39: CUB Fund Grant - (OPUC Order 24-006) | F39: 37450.34 | H39: 0 | J39: =SUM(F39:I39) -> 37450.34 | N39: 0 | P39: -37450.34 | R39: =+L39+N39+P39 -> -37450.34 | U39: =+J39+R39 -> 0 | W39: 0 | Y39: 0 | AA39: 0 | AC39: =+U39+W39+Y39+AA39 -> 0
A41: 11 | D41: CUB Fund Grant Amort - (OPUC Order 23-185, 24-153) | F41: 26621.23 | H41: 0 | J41: =F41+H41 -> 26621.23 | P41: -26621.23 | R41: =N41+P41 -> -26621.23 | U41: =+J41+R41 -> 0 | Y41: 0 | AC41: =+U41+W41+Y41+AA41 -> 0
A43: 12 | D43: Siemens LTP Rate Base - (OPUC Order 15-387) | F43: 432473.52 | H43: 0 | J43: =SUM(F43:I43) -> 432473.52 | N43: 0 | P43: -39315.72 | R43: =N43+P43 -> -39315.72 | U43: =+J43+R43 -> 393157.8 | W43: 0 | Y43: 0 | AA43: 0 | AC43: =+U43+W43+Y43+AA43 -> 393157.8
A45: 13 | D45: Siemens LTP Deferred Rate Base - (OPUC Order 15-387) | F45: =324945.92-274489.55 -> 50456.37 | H45: 0 | J45: =SUM(F45:I45) -> 50456.37 | N45: 0 | P45: =-18361.46-25685.14 -> -44046.6 | R45: =+L45+N45+P45 -> -44046.6 | U45: =+J45+R45 -> 6409.77 | W45: 0 | Y45: 0 | AA45: 0 | AC45: =+U45+W45+Y45+AA45 -> 6409.77
A47: 14 | D47: SFAS 87 Capitalized Pension - (OPUC Order 10-064) | F47: 7230553.9 | H47: 0 | J47: =SUM(F47:I47) -> 7230553.9 | N47: 0 | P47: =377710-243991 -> 133719 | R47: =+L47+N47+P47 -> 133719 | U47: =+J47+R47 -> 7364272.9 | W47: 0 | Y47: 0 | AA47: 0 | AC47: =+U47+W47+Y47+AA47 -> 7364272.9
A49: 15 | D49: Wildfire Mitigation - (OPUC Order 24-010) | F49: 749225.21 | H49: 0 | J49: =F49+H49 -> 749225.21 | L49: YES | N49: 0 | P49: 0 | R49: =N49+P49 -> 0 | U49: =+J49+R49 -> 749225.21 | W49: 0 | Y49: 0 | AA49: 0 | AC49: =+U49+W49+Y49+AA49 -> 749225.21
C51: Account 254
A53: 16 | D53: Jim Bridger Plant End-of-Life Depreciation - (OPUC Order 12-296) | F53: -2526864 | H53: 0 | J53: =SUM(F53:I53) -> -2526864 | L53: YES | N53: 0 | P53: 0 | R53: =+N53+P53 -> 0 | U53: =+J53+R53 -> -2526864 | W53: 0 | Y53: 0 | AA53: 0 | AC53: =+U53+W53+Y53+AA53 -> -2526864
A56: 17 | D56: Total | F56: =SUM(F15:F55) -> 90779507 | H56: =SUM(H15:H55) -> -439261.5 | J56: =SUM(J15:J55) -> 90340245 | N56: =SUM(N15:N55) -> 0 | P56: =SUM(P15:P55) -> 17997821 | R56: =SUM(R15:R55) -> 17997821 | S56: O | U56: =SUM(U15:U55) -> 1.0833807e+08 | V56: =SUM(V15:V55) -> 0 | W56: =SUM(W15:W55) -> 0 | Y56: =SUM(Y15:Y55) -> 0 | AA56: =SUM(AA15:AA55) -> 0 | AC56: =SUM(AC15:AC55) -> 1.0833807e+08
P58: `

Sheet PlantFutureUse
A1: IDAHO POWER COMPANY
A2: PLANT HELD FOR FUTURE USE
A3: At December 31, 2025
A7: -1 | C7: -2 | E7: -3 | G7: -4 | I7: -5 | K7: -6 | M7: -7 | O7: -7 | Q7: -8 | S7: -9 | U7: -10 | W7: -13 | Y7: -11 | AA7: -15 | AC7: -12
K8: Methodology | U8: 2025
A9: Line | E9: 2024 | G9: 2024 | I9: 2024 | K9: 2024 | M9: 3 Period | S9: Ref | U9: Unadjusted | AA9: Known and | AC9: 2025
A10: No | C10: Description | E10: Actuals | G10: Adjustments | I10: Base | K10: Base | M10: CAGR | O10: Other | Q10: Adjustment | S10: No | U10: Test Year | W10: Normalizing | Y10: Annualizing | AA10: Measurable | AC10: Test Year
B12: Power Production:
A13: 1 | C13: American Falls Power Plant | E13: 104155 | G13: -104155 | I13: =G13+E13 -> 0 | K13: YES | M13: 0 | O13: 0 | Q13: =+M13+O13 -> 0 | U13: =+I13+Q13 -> 0 | W13: 0 | Y13: 0 | AA13: 0 | AC13: =SUM(U13:AA13) -> 0
A14: =A13+1 -> 2 | C14: Bennett Mtn Plant Expansion | E14: 2053241 | G14: -2053241 | I14: =E14+G14 -> 0 | K14: YES | O14: 0 | Q14: =+M14+O14 -> 0 | U14: =+I14+Q14 -> 0 | Y14: 0 | AC14: =SUM(U14:AA14) -> 0
A15: =A14+1 -> 3 | C15: Total Power Production | E15: =SUM(E13:E14) -> 2157396 | G15: =SUM(G13:G14) -> -2157396 | I15: =SUM(I13:I14) -> 0 | M15: =SUM(M13:M13) -> 0 | O15: =SUM(O13:O14) -> 0 | Q15: =SUM(Q13:Q14) -> 0 | U15: =SUM(U13:U14) -> 0 | W15: =SUM(W13:W13) -> 0 | Y15: =SUM(Y13:Y14) -> 0 | AA15: =SUM(AA13:AA13) -> 0 | AC15: =SUM(AC13:AC14) -> 0
B17: Distribution:
A18: =A15+1 -> 4 | C18: Amity Substation | E18: 153751 | G18: 0 | I18: =G18+E18 -> 153751 | K18: YES | M18: 0 | O18: 0 | Q18: =+M18+O18 -> 0 | U18: =+I18+Q18 -> 153751 | W18: 0 | Y18: 0 | AA18: 0 | AC18: =+U18+W18+Y18+AA18 -> 153751
A19: =A18+1 -> 5 | C19: Beacon Light Substation | E19: 204511 | G19: -204511 | I19: =G19+E19 -> 0 | K19: YES | M19: 0 | O19: 0 | Q19: =+M19+O19 -> 0 | U19: =+I19+Q19 -> 0 | W19: 0 | Y19: 0 | AA19: 0 | AC19: =+U19+W19+Y19+AA19 -> 0
A20: =A19+1 -> 6 | C20: Dist. Lines, Blaine, ID | E20: 443545 | G20: 0 | I20: =G20+E20 -> 443545 | K20: YES | M20: 0 | O20: 0 | Q20: =+M20+O20 -> 0 | U20: =+I20+Q20 -> 443545 | W20: 0 | Y20: 0 | AA20: 0 | AC20: =+U20+W20+Y20+AA20 -> 443545
A21: =A20+1 -> 7 | C21: Dist. Lines, Canyon, ID | E21: 25581 | G21: 0 | I21: =G21+E21 -> 25581 | K21: YES | M21: 0 | O21: 0 | Q21: =+M21+O21 -> 0 | U21: =+I21+Q21 -> 25581 | W21: 0 | Y21: 0 | AA21: 0 | AC21: =+U21+W21+Y21+AA21 -> 25581
A22: =A21+1 -> 8 | C22: Farmway Station | E22: 947032 | G22: 0 | I22: =G22+E22 -> 947032 | K22: YES | M22: 0 | O22: 0 | Q22: =+M22+O22 -> 0 | U22: =+I22+Q22 -> 947032 | W22: 0 | Y22: 0 | AA22: 0 | AC22: =+U22+W22+Y22+AA22 -> 947032
A23: =A22+1 -> 9 | C23: Filer Substation | E23: 27813 | G23: 0 | I23: =G23+E23 -> 27813 | K23: YES | M23: 0 | O23: 0 | Q23: =+M23+O23 -> 0 | U23: =+I23+Q23 -> 27813 | W23: 0 | Y23: 0 | AA23: 0 | AC23: =+U23+W23+Y23+AA23 -> 27813
A24: =A23+1 -> 10 | C24: Highland Substation | E24: 64224 | G24: 0 | I24: =G24+E24 -> 64224 | K24: YES | O24: 0 | Q24: 0 | U24: =+I24+Q24 -> 64224 | Y24: 0 | AC24: =+U24+W24+Y24+AA24 -> 64224
A25: =A24+1 -> 11 | C25: Jump Substation | E25: 67722 | G25: -67722 | I25: =G25+E25 -> 0 | K25: YES | M25: 0 | O25: 0 | Q25: =+M25+O25 -> 0 | U25: =+I25+Q25 -> 0 | W25: 0 | Y25: 0 | AA25: 0 | AC25: =+U25+W25+Y25+AA25 -> 0
A26: =A25+1 -> 12 | C26: Lakeshore Substation | E26: 188565 | G26: 0 | I26: =G26+E26 -> 188565 | K26: YES | M26: 0 | O26: 0 | Q26: =+M26+O26 -> 0 | U26: =+I26+Q26 -> 188565 | W26: 0 | Y26: 0 | AA26: 0 | AC26: =+U26+W26+Y26+AA26 -> 188565
A27: =A26+1 -> 13 | C27: McDermott Substation | E27: 1330604 | G27: 0 | I27: =G27+E27 -> 1330604 | O27: 0 | Q27: -1330604 | U27: =+I27+Q27 -> 0 | Y27: 0 | AC27: =+U27+W27+Y27+AA27 -> 0
A28: =A27+1 -> 14 | C28: Melba Substation | E28: 29321 | G28: 0 | I28: =G28+E28 -> 29321 | K28: YES | M28: 0 | O28: 0 | Q28: =+M28+O28 -> 0 | U28: =+I28+Q28 -> 29321 | W28: 0 | Y28: 0 | AA28: 0 | AC28: =+U28+W28+Y28+AA28 -> 29321
A29: =A28+1 -> 15 | C29: Northside Substation | E29: 1315214 | G29: 0 | I29: =G29+E29 -> 1315214 | K29: YES | O29: 0 | Q29: =+M29+O29 -> 0 | U29: =+I29+Q29 -> 1315214 | Y29: 0 | AC29: =+U29+W29+Y29+AA29 -> 1315214
A30: =A29+1 -> 16 | C30: Notch Butte Substation | E30: 14574 | G30: 0 | I30: =G30+E30 -> 14574 | K30: YES | M30: 0 | O30: 0 | Q30: =+M30+O30 -> 0 | U30: =+I30+Q30 -> 14574 | W30: 0 | Y30: 0 | AA30: 0 | AC30: =+U30+W30+Y30+AA30 -> 14574
A31: =A30+1 -> 17 | C31: Pillar Falls Substation | E31: 209434 | G31: 0 | I31: =G31+E31 -> 209434 | O31: 0 | Q31: -209434 | U31: =+I31+Q31 -> 0 | Y31: 0 | AC31: =+U31+W31+Y31+AA31 -> 0
A32: =A31+1 -> 18 | C32: State Substation | E32: 117597 | G32: 0 | I32: =G32+E32 -> 117597 | K32: YES | M32: 0 | O32: 0 | Q32: =+M32+O32 -> 0 | U32: =+I32+Q32 -> 117597 | W32: 0 | Y32: 0 | AA32: 0 | AC32: =+U32+W32+Y32+AA32 -> 117597
A33: =A32+1 -> 19 | C33: Ustick Substation | E33: 19670 | G33: -19670 | I33: =G33+E33 -> 0 | K33: YES | M33: 0 | O33: 0 | Q33: =+M33+O33 -> 0 | U33: =+I33+Q33 -> 0 | W33: 0 | Y33: 0 | AA33: 0 | AC33: =+U33+W33+Y33+AA33 -> 0
A34: =A33+1 -> 20 | C34: Wagner Substation | E34: 91452 | G34: 0 | I34: =G34+E34 -> 91452 | K34: YES | M34: 0 | O34: 0 | Q34: =+M34+O34 -> 0 | U34: =+I34+Q34 -> 91452 | W34: 0 | Y34: 0 | AA34: 0 | AC34: =+U34+W34+Y34+AA34 -> 91452
A35: =A34+1 -> 21 | C35: Ward Substation | E35: 243933 | G35: 0 | I35: =G35+E35 -> 243933 | K35: YES | M35: 0 | O35: 0 | Q35: =+M35+O35 -> 0 | U35: =+I35+Q35 -> 243933 | W35: 0 | Y35: 0 | AA35: 0 | AC35: =+U35+W35+Y35+AA35 -> 243933
A36: =A35+1 -> 22 | C36: Crossroads Substation | E36: 530994 | G36: 0 | I36: =G36+E36 -> 530994 | K36: YES | O36: 0 | Q36: =+M36+O36 -> 0 | U36: =+I36+Q36 -> 530994 | Y36: 0 | AC36: =+U36+W36+Y36+AA36 -> 530994
A37: =A36+1 -> 23 | C37: Gem Substation | E37: 525507 | G37: 0 | I37: =G37+E37 -> 525507 | O37: 0 | Q37: -53602 | U37: =+I37+Q37 -> 471905 | Y37: 0 | AC37: =+U37+W37+Y37+AA37 -> 471905
A38: =A37+1 -> 24 | C38: Greenleaf Substation | E38: 417939 | G38: 0 | I38: =G38+E38 -> 417939 | K38: YES | O38: 0 | Q38: =+M38+O38 -> 0 | U38: =+I38+Q38 -> 417939 | Y38: 0 | AC38: =+U38+W38+Y38+AA38 -> 417939
A39: =A38+1 -> 25 | C39: Lake Hazel Substation | E39: 735297 | G39: 0 | I39: =G39+E39 -> 735297 | K39: YES | O39: 0 | Q39: =+M39+O39 -> 0 | U39: =+I39+Q39 -> 735297 | Y39: 0 | AC39: =+U39+W39+Y39+AA39 -> 735297
A40: =A39+1 -> 26 | C40: Eisenman Substation | E40: 0 | G40: 0 | I40: =G40+E40 -> 0 | O40: 0 | Q40: 1800000 | U40: =+I40+Q40 -> 1800000 | Y40: 0 | AC40: =+U40+W40+Y40+AA40 -> 1800000
A41: =A40+1 -> 27 | C41: Total Distribution | E41: =SUM(E18:E40) -> 7704280 | G41: =SUM(G18:G40) -> -291903 | I41: =G41+E41 -> 7412377 | M41: =SUM(M18:M35) -> 0 | O41: =SUM(O18:O40) -> 0 | Q41: =SUM(Q18:Q40) -> 206360 | U41: =SUM(U18:U40) -> 7618737 | W41: =SUM(W18:W35) -> 0 | Y41: =SUM(Y18:Y40) -> 0 | AA41: =SUM(AA18:AA35) -> 0 | AC41: =SUM(AC18:AC40) -> 7618737
B43: Transmission:
A44: =A41+1 -> 28 | C44: Boise Bench Transmission Station | E44: 179904 | G44: 0 | I44: =G44+E44 -> 179904 | K44: YES | M44: 0 | O44: 0 | Q44: =+M44+O44 -> 0 | U44: =+I44+Q44 -> 179904 | W44: 0 | Y44: 0 | AA44: 0 | AC44: =+U44+W44+Y44+AA44 -> 179904
A45: =A44+1 -> 29 | C45: Donnelly McCall Transmission Land R/W | E45: 67932 | G45: 0 | I45: =G45+E45 -> 67932 | M45: 0 | O45: 0 | Q45: -574 | U45: =+I45+Q45 -> 67358 | W45: 0 | Y45: 0 | AA45: 0 | AC45: =+U45+W45+Y45+AA45 -> 67358
A46: =A45+1 -> 30 | C46: Dry Creek Transmission Station | E46: 26671 | G46: 0 | I46: =G46+E46 -> 26671 | K46: YES | M46: 0 | O46: 0 | Q46: =+M46+O46 -> 0 | U46: =+I46+Q46 -> 26671 | W46: 0 | Y46: 0 | AA46: 0 | AC46: =+U46+W46+Y46+AA46 -> 26671
A47: =A46+1 -> 31 | C47: Line #853 500KV | E47: 579685 | G47: 0 | I47: =G47+E47 -> 579685 | K47: YES | O47: 0 | Q47: 0 | U47: =+I47+Q47 -> 579685 | Y47: 0 | AC47: =+U47+W47+Y47+AA47 -> 579685
A48: =A47+1 -> 32 | C48: Line #854 500KV | E48: 308066 | G48: 0 | I48: =G48+E48 -> 308066 | K48: YES | M48: 0 | O48: 0 | Q48: =+M48+O48 -> 0 | U48: =+I48+Q48 -> 308066 | W48: 0 | Y48: 0 | AA48: 0 | AC48: =+U48+W48+Y48+AA48 -> 308066
A49: =A48+1 -> 33 | C49: Long Valley Transmission Station | E49: 22377 | G49: -22377 | I49: =G49+E49 -> 0 | K49: YES | M49: 0 | O49: 0 | Q49: =+M49+O49 -> 0 | U49: =+I49+Q49 -> 0 | W49: 0 | Y49: 0 | AA49: 0 | AC49: =+U49+W49+Y49+AA49 -> 0
A50: =A49+1 -> 34 | C50: Mayfield Transmission Station | E50: 220052 | G50: 0 | I50: =G50+E50 -> 220052 | M50: 0 | O50: 0 | Q50: 2500000 | U50: =+I50+Q50 -> 2720052 | W50: 0 | Y50: 0 | AA50: 0 | AC50: =+U50+W50+Y50+AA50 -> 2720052
A51: =A50+1 -> 35 | C51: Midpoint Transmission Station | E51: 870843 | G51: -73257 | I51: =G51+E51 -> 797586 | K51: YES | M51: 0 | O51: 0 | Q51: =+M51+O51 -> 0 | U51: =+I51+Q51 -> 797586 | W51: 0 | Y51: 0 | AA51: 0 | AC51: =+U51+W51+Y51+AA51 -> 797586
A52: =A51+1 -> 36 | C52: Pallette Junction Substation | E52: 778595 | G52: 0 | I52: =G52+E52 -> 778595 | K52: YES | O52: 0 | Q52: 0 | U52: =+I52+Q52 -> 778595 | Y52: 0 | AC52: =+U52+W52+Y52+AA52 -> 778595
A53: =A52+1 -> 37 | C53: Pingree Substation | E53: 69594 | G53: 0 | I53: =G53+E53 -> 69594 | K53: YES | O53: 0 | Q53: 0 | U53: =+I53+Q53 -> 69594 | Y53: 0 | AC53: =+U53+W53+Y53+AA53 -> 69594
A54: =A53+1 -> 38 | C54: Sage Transmission Station | E54: 89977 | G54: 0 | I54: =G54+E54 -> 89977 | K54: YES | M54: 0 | O54: 0 | Q54: =+M54+O54 -> 0 | U54: =+I54+Q54 -> 89977 | W54: 0 | Y54: 0 | AA54: 0 | AC54: =+U54+W54+Y54+AA54 -> 89977
A55: =A54+1 -> 39 | C55: Shellrock Transmission Station | E55: 9918 | G55: -9918 | I55: =G55+E55 -> 0 | K55: YES | M55: 0 | O55: 0 | Q55: =+M55+O55 -> 0 | U55: =+I55+Q55 -> 0 | W55: 0 | Y55: 0 | AA55: 0 | AC55: =+U55+W55+Y55+AA55 -> 0
A56: =A55+1 -> 40 | C56: Lake Hazel Substation | E56: 125433 | G56: 0 | I56: =G56+E56 -> 125433 | K56: YES | O56: 0 | Q56: =+M56+O56 -> 0 | U56: =+I56+Q56 -> 125433 | Y56: 0 | AC56: =+U56+W56+Y56+AA56 -> 125433
A57: =A56+1 -> 41 | C57: Total Transmission | E57: =SUM(E44:E56) -> 3349047 | G57: =SUM(G44:G56) -> -105552 | I57: =G57+E57 -> 3243495 | M57: =SUM(M44:M55) -> 0 | O57: =SUM(O44:O56) -> 0 | Q57: =SUM(Q44:Q56) -> 2499426 | U57: =SUM(U44:U56) -> 5742921 | W57: =SUM(W44:W55) -> 0 | Y57: =SUM(Y44:Y56) -> 0 | AA57: =SUM(AA44:AA55) -> 0 | AC57: =SUM(AC44:AC56) -> 5742921
A59: =A57+1 -> 42 | C59: Total Plant Held for Future Use | E59: =E15+E41+E57 -> 13210723 | G59: =G41+G57+G15 -> -2554851 | I59: =I41+I57+I15 -> 10655872 | M59: =M41+M57+M15 -> 0 | O59: =O41+O57+O15 -> 0 | Q59: =Q41+Q57+Q15 -> 2705786 | S59: P | U59: =U41+U57+U15 -> 13361658 | W59: =W41+W57+W15 -> 0 | Y59: =Y41+Y57+Y15 -> 0 | AA59: =AA41+AA57+AA15 -> 0 | AC59: =AC41+AC57+AC15 -> 13361658

Sheet DefTax
A1: IDAHO POWER COMPANY
A2: DEFERRED INCOME TAX BALANCES
A3: At December 31, 2025
B6: Balance Dec 31, 2024 | C6: Change 2025 | D6: Balance Dec 31, 2025 | E6: Average 2024-2025
A7: ACCOUNT 190 - ACCUM DEF INC TAXES:
A8: 004003-CONSTRUCTION ADVANCES | B8: 5902091.8 | C8: =+D8-B8 -> -2025563.9 | D8: 3876527.9 | E8: =ROUND((+B8+D8)/2,0) -> 4889310
A9: 005010-POSTEMPLOYMENT BENEFITS | B9: 559580.93 | C9: =+D9-B9 -> 92069.18 | D9: =502451.28+149198.83 -> 651650.11 | E9: =ROUND((+B9+D9)/2,0) -> 605616
A10: 005026-USBR AMERICAN FALLS O&M COSTS | B10: 157337.04 | C10: =+D10-B10 -> 35448.32 | D10: =148886.98+43898.38 -> 192785.36 | E10: =ROUND((+B10+D10)/2,0) -> 175061
A11: 005033-NON VEBA PENSION AND BENEFITS | B11: -1028744.4 | C11: =+D11-B11 -> -108707.22 | D11: =-875500.47-261951.16 -> -1137451.6 | E11: =ROUND((+B11+D11)/2,0) -> -1083098
A12: 005064-BRIDGER REVENUE DEFERRAL | B12: 817132.06 | C12: =+D12-B12 -> -174995.76 | D12: =487320.36+154815.94 -> 642136.3 | E12: =ROUND((+B12+D12)/2,0) -> 729634
A13: 005073-OR RECONNECT FEES ADV | B13: 4496.26 | C13: =+D13-B13 -> -4496.26 | D13: 0 | E13: =ROUND((+B13+D13)/2,0) -> 2248
A14: 005531-RATE CASE DISALLOWANCES AMORTIZATION | B14: 734348.06 | C14: =+D14-B14 -> -74160.68 | D14: =504121.93+156065.45 -> 660187.38 | E14: =ROUND((+B14+D14)/2,0) -> 697268
A15: 008001-VEBA POST-RETIREMENT BENEFITS | B15: 12521626 | C15: =+D15-B15 -> 377141.73 | D15: =9903126.1+2995641.75 -> 12898768 | E15: =ROUND((+B15+D15)/2,0) -> 12710197
A16: 008013-ANNUALIZED BOOK DEPRECIATION | B16: 0 | C16: =+D16-B16 -> -185870 | D16: -185870 | E16: =ROUND((+B16+D16)/2,0) -> -92935
A17: TOTAL 190 | B17: =SUM(B8:B16) -> 19667868 | C17: =SUM(C8:C16) -> -2069134.6 | D17: =SUM(D8:D16) -> 17598733 | E17: =SUM(E8:E16) -> 18633301
A19: ACCOUNT 282 - ACCUM DEF INC TAXES - OTHER PROPERTY:
A20: LIBERALIZED DEPR - ELECTRIC PLANT | B20: =-361330088+3857537 -> -357472551 | C20: =+D20-B20 -> 20823577 | D20: =-340284811+3635837 -> -336648974 | E20: =ROUND((+B20+D20)/2,0) -> -347060763
A21: TOTAL 282 | B21: =SUM(B20:B20) -> -357472551 | C21: =SUM(C20:C20) -> 20823577 | D21: =SUM(D20:D20) -> -336648974 | E21: =SUM(E20:E20) -> -347060763
A23: ACCOUNT 283 - ACCUM DEF INC TAXES - OTHER:
A24: 004501-ROYALTY INCOME | B24: -126385.99 | C24: =+D24-B24 -> 61112.81 | D24: =-48265.13-17008.05 -> -65273.18 | E24: =ROUND((+B24+D24)/2,0) -> -95830
A25: 005008-GAIN/LOSS ON REACQUIRED DEBT | B25: -78027.5 | C25: =+D25-B25 -> 48456.14 | D25: =-21256.71-8314.65 -> -29571.36 | E25: =ROUND((+B25+D25)/2,0) -> -53799
A26: 005045-WILDFIRE MITIGATION 35077 DEFERRAL | B26: -16272052 | C26: =+D26-B26 -> -4682562.7 | D26: =-16207459.37-4747155.04 -> -20954614 | E26: =ROUND((+B26+D26)/2,0) -> -18613333
A27: 005057-INTERVENOR FUNDING ORDERS | B27: -88664.26 | C27: =+D27-B27 -> 23186.87 | D27: =-49534.37-15943.02 -> -65477.39 | E27: =ROUND((+B27+D27)/2,0) -> -77071
A28: 008081-SIEMENS LTP CONTRACT | B28: -162129.85 | C28: =+D28-B28 -> -16738.15 | D28: -178868 | E28: =ROUND((+B28+D28)/2,0) -> -170499
A29: 008083-SIEMENS OR DRB INTEREST RESERVE | B29: 64042.15 | C29: =+D29-B29 -> 6962.85 | D29: 71005 | E29: =ROUND((+B29+D29)/2,0) -> 67524
A30: TOTAL 283 | B30: =SUM(B24:B29) -> -16663217 | C30: =SUM(C24:C29) -> -4559582.2 | D30: =SUM(D24:D29) -> -21222799 | E30: =SUM(E24:E29) -> -18943008
A32: TOTAL DEFERRED TAX BALANCES | B32: =SUM(B17,B21,B30) -> -3.544679e+08 | C32: =SUM(C17,C21,C30) -> 14194860 | D32: =SUM(D17,D21,D30) -> -3.4027304e+08 | E32: =SUM(E17,E21,E30) -> -347370470
B35: Deferred Tax Expense without ITC - 410 / 411 | C35: =-C32 -> -14194860
B36: PAC LKE | C36: -221700
B37: ITC Deferred Tax Expense - 411.4 | C37: 50890271 | D37: Excludes ADITC
B38: Total Deferred Tax Expense | C38: =SUM(C35:C37) -> 36473711

Sheet CustAdv
A1: IDAHO POWER COMPANY
A2: CUSTOMER ADVANCES FOR CONSTRUCTION
A3: =AccAmort!A4 -> For The Thirteen Months Ended December 31, 2025
A5: -1 | C5: -2 | E5: -3 | G5: -4 | I5: -5 | K5: -6 | M5: -7 | O5: -7 | Q5: -8 | T5: -9 | V5: -11 | X5: -10 | Z5: -13 | AB5: -11
K6: Methodology | T6: 2025
A7: Line | E7: 2024 | G7: 2024 | I7: 2024 | K7: 2024 | M7: 3 Period | R7: Ref | T7: Unadjusted | Z7: Known and | AB7: 2025
A8: No | C8: Month | E8: Actuals | G8: Adjustments | I8: Base | K8: Base | M8: CAGR | O8: Other | Q8: Adjustment | R8: No | T8: Test Year | V8: Normalizing | X8: Annualizing | Z8: Measurable | AB8: Test Year
A11: 1 | C11: December, 2023 | E11: 37489823 | G11: -10000000 | I11: =SUM(E11:H11) -> 27489823 | M11: 0 | O11: -615037 | Q11: =+K11+M11+O11 -> -615037 | T11: =I11+Q11 -> 26874786 | V11: 0 | X11: 0 | Z11: 0 | AB11: =+T11+V11+X11+Z11 -> 26874786
A13: 2 | C13: January, 2024 | E13: 37848281 | G13: -10000000 | I13: =SUM(E13:H13) -> 27848281 | M13: 0 | O13: -1277074 | Q13: =+K13+M13+O13 -> -1277074 | T13: =I13+Q13 -> 26571207 | V13: 0 | X13: 0 | Z13: 0 | AB13: =+T13+V13+X13+Z13 -> 26571207
A15: 3 | C15: February | E15: 39796731 | G15: -10000000 | I15: =SUM(E15:H15) -> 29796731 | M15: 0 | O15: -3879149 | Q15: =+K15+M15+O15 -> -3879149 | T15: =I15+Q15 -> 25917582 | V15: 0 | X15: 0 | Z15: 0 | AB15: =+T15+V15+X15+Z15 -> 25917582
A17: 4 | C17: March | E17: 43026865 | G17: -10000000 | I17: =SUM(E17:H17) -> 33026865 | M17: 0 | O17: -7966523 | Q17: =+K17+M17+O17 -> -7966523 | T17: =I17+Q17 -> 25060342 | V17: 0 | X17: 0 | Z17: 0 | AB17: =+T17+V17+X17+Z17 -> 25060342
A19: 5 | C19: April | E19: 47727652 | G19: -10000000 | I19: =SUM(E19:H19) -> 37727652 | M19: 0 | O19: -14577545 | Q19: =+K19+M19+O19 -> -14577545 | T19: =I19+Q19 -> 23150107 | V19: 0 | X19: 0 | Z19: 0 | AB19: =+T19+V19+X19+Z19 -> 23150107
A21: 6 | C21: May | E21: 48166256 | G21: -10000000 | I21: =SUM(E21:H21) -> 38166256 | M21: 0 | O21: -15510318 | Q21: =+K21+M21+O21 -> -15510318 | T21: =I21+Q21 -> 22655938 | V21: 0 | X21: 0 | Z21: 0 | AB21: =+T21+V21+X21+Z21 -> 22655938
A23: 7 | C23: June | E23: 48698812 | G23: -10000000 | I23: =SUM(E23:H23) -> 38698812 | M23: 0 | O23: -17080170 | Q23: =+K23+M23+O23 -> -17080170 | T23: =I23+Q23 -> 21618642 | V23: 0 | X23: 0 | Z23: 0 | AB23: =+T23+V23+X23+Z23 -> 21618642
A25: 8 | C25: July | E25: 54979117 | G25: -10000000 | I25: =SUM(E25:H25) -> 44979117 | M25: 0 | O25: -24657217 | Q25: =+K25+M25+O25 -> -24657217 | T25: =I25+Q25 -> 20321900 | V25: 0 | X25: 0 | Z25: 0 | AB25: =+T25+V25+X25+Z25 -> 20321900
A27: 9 | C27: August | E27: 56512778 | G27: -10000000 | I27: =SUM(E27:H27) -> 46512778 | M27: 0 | O27: -27910727 | Q27: =+K27+M27+O27 -> -27910727 | T27: =I27+Q27 -> 18602051 | V27: 0 | X27: 0 | Z27: 0 | AB27: =+T27+V27+X27+Z27 -> 18602051
A29: 10 | C29: September | E29: 56277252 | G29: -10000000 | I29: =SUM(E29:H29) -> 46277252 | M29: 0 | O29: -27447586 | Q29: =+K29+M29+O29 -> -27447586 | T29: =I29+Q29 -> 18829666 | V29: 0 | X29: 0 | Z29: 0 | AB29: =+T29+V29+X29+Z29 -> 18829666
A31: 11 | C31: October | E31: 56457713 | G31: -10000000 | I31: =SUM(E31:H31) -> 46457713 | M31: 0 | O31: -27742495 | Q31: =+K31+M31+O31 -> -27742495 | T31: =I31+Q31 -> 18715218 | V31: 0 | X31: 0 | Z31: 0 | AB31: =+T31+V31+X31+Z31 -> 18715218
A33: 12 | C33: November | E33: 57538068 | G33: -10000000 | I33: =SUM(E33:H33) -> 47538068 | M33: 0 | O33: -28765632 | Q33: =+K33+M33+O33 -> -28765632 | T33: =I33+Q33 -> 18772436 | V33: 0 | X33: 0 | Z33: 0 | AB33: =+T33+V33+X33+Z33 -> 18772436
A35: 13 | C35: December | E35: 58546387 | G35: -10000000 | I35: =SUM(E35:H35) -> 48546387 | M35: 0 | O35: -29428381 | Q35: =+K35+M35+O35 -> -29428381 | T35: =I35+Q35 -> 19118006 | V35: 0 | X35: 0 | Z35: 0 | AB35: =+T35+V35+X35+Z35 -> 19118006
A38: 14 | C38: Average | E38: =SUM(E11:E35)/13 -> 49466595 | G38: =SUM(G11:G35)/13 -> -10000000 | H38: 1.) | I38: =SUM(I11:I35)/13 -> 39466595 | M38: =SUM(M11:M37)/13 -> 0 | O38: =SUM(O11:O35)/13 -> -17450604 | Q38: =SUM(Q11:Q35)/13 -> -17450604 | R38: Q | T38: =SUM(T11:T35)/13 -> 22015991 | U38: =SUM(U11:U37)/13 -> 0 | V38: =SUM(V11:V37)/13 -> 0 | X38: =SUM(X11:X35)/13 -> 0 | Z38: =SUM(Z11:Z37)/13 -> 0 | AB38: =SUM(AB11:AB35)/13 -> 22015991
B40: 1.) | C40: B2H Seller's Security from BPA.

Sheet SubRtbs
A1: IDAHO POWER COMPANY
A2: IERCo - SUBSIDIARY RATE BASE COMPONENTS
A3: For The Thirteen Months Ended December 31, 2025
E6: (1) | I6: (2) | M6: (3) | Q6: (4)
E7: 2024 | G7: 2025 | I7: 2024 | K7: 2025 | M7: 2024 | O7: 2025 | Q7: 2024 | T7: 2025
I8: Advance | K8: Advance | M8: Notes | O8: Notes
A9: Line | I9: Coal | K9: Coal | M9: Receivable from | O9: Receivable from | S9: Ref
A10: No | C10: Month | E10: Investment | F10: Change | G10: Investment | I10: Royalties | J10: Change | K10: Royalties | M10: Subsidiary | N10: Change | O10: Subsidiary | Q10: Total | R10: Change | S10: No | T10: Total
A12: 1 | C12: December, 2023 | E12: 22725506 | F12: 1651182 | G12: 24376688 | I12: 491009.78 | J12: -185926 | K12: 305084 | M12: 13778220 | N12: 1065931 | O12: 14844151 | Q12: 36994736 | R12: 2531187 | T12: 39525923
A14: 2 | C14: January, 2024 | E14: 22879020 | F14: 1732922 | G14: 24611942 | I14: 471964.28 | J14: -195250 | K14: 276715 | M14: 9482975.2 | N14: 4048175 | O14: 13531150 | Q14: 32833959 | R14: 5585847 | T14: 38419806
A16: 3 | C16: February | E16: 22993011 | F16: 1789276 | G16: 24782287 | I16: 454489.81 | J16: -206144 | K16: 248345 | M16: 8723406.5 | N16: 4208247 | O16: 12931653 | Q16: 32170908 | R16: 5791378 | T16: 37962286
A18: 4 | C18: March | E18: 23107469 | F18: 1815607 | G18: 24923076 | I18: 440400.21 | J18: -220424 | K18: 219976 | M18: 7662002.6 | N18: 6287189 | O18: 13949192 | Q18: 31209872 | R18: 7882372 | T18: 39092244
A20: 5 | C20: April | E20: 23187572 | F20: 1840284 | G20: 25027856 | I20: 426850.76 | J20: -235244 | K20: 191607 | M20: 10160083 | N20: 5825928 | O20: 15986011 | Q20: 33774506 | R20: 7430968 | T20: 41205474
A22: 6 | C22: May | E22: 23266028 | F22: 1883444 | G22: 25149472 | I22: 415113.34 | J22: -251876 | K22: 163238 | M22: 12063903 | N22: 5330190 | O22: 17394093 | Q22: 35745044 | R22: 6961759 | T22: 42706803
A24: 7 | C24: June | E24: 23403761 | F24: 1902912 | G24: 25306673 | I24: 401648.73 | J24: -266780 | K24: 134869 | M24: 15760145 | N24: 3209175 | O24: 18969320 | Q24: 39565555 | R24: 4845307 | T24: 44410861
A26: 8 | C26: July | E26: 23589140 | F26: 2049606 | G26: 25638746 | I26: 377456.79 | J26: -270957 | K26: 106499 | M26: 17287519 | N26: 440988 | O26: 17728507 | Q26: 41254116 | R26: 2219636 | T26: 43473752
A28: 9 | C28: August | E28: 23747884 | F28: 2166985 | G28: 25914869 | I28: 360394 | J28: -282264 | K28: 78130 | M28: 13111480 | N28: 3278573 | O28: 16390052 | Q28: 37219757 | R28: 5163294 | T28: 42383051
A30: 10 | C30: September | E30: 23928500 | F30: 2239761 | G30: 26168261 | I30: 344295.06 | J30: -294534 | K30: 49761 | M30: 14387418 | N30: 1578120 | O30: 15965538 | Q30: 38660213 | R30: 3523347 | T30: 42183560
A32: 11 | C32: October | E32: 24085133 | F32: 2341461 | G32: 26426594 | I32: 360757.08 | J32: -339365 | K32: 21392 | M32: 14648654 | N32: 594354 | O32: 15243009 | Q32: 39094545 | R32: 2596450 | T32: 41690994
A34: 12 | C34: November | E34: 24234492 | F34: 2436393 | G34: 26670885 | I34: 333453.05 | J34: -333453 | K34: 0 | M34: 13003007 | N34: 1168847 | O34: 14171854 | Q34: 37570952 | R34: 3271787 | T34: 40842739
A36: 13 | C36: December | E36: 24376688 | F36: 2509542 | G36: 26886230 | I36: 305083.84 | J36: -305084 | K36: 0 | M36: 14844151 | N36: -693315 | O36: 14150836 | Q36: 39525923 | R36: 1511144 | T36: 41037066
A39: 14 | C39: Average | E39: =SUM(E12:E36)/13 -> 23501862 | F39: =SUM(F12:F36)/13 -> 2027644.2 | G39: =SUM(G12:G36)/13 -> 25529506 | I39: =SUM(I12:I36)/13 -> 398685.9 | J39: =SUM(J12:J36)/13 -> -260561.62 | K39: =SUM(K12:K36)/13 -> 138124.31 | M39: =SUM(M12:M36)/13 -> 12685613 | N39: =SUM(N12:N36)/13 -> 2795569.4 | O39: =SUM(O12:O36)/13 -> 15481182 | Q39: =SUM(Q12:Q36)/13 -> 36586160 | R39: =SUM(R12:R36)/13 -> 4562652 | S39: R | T39: =SUM(T12:T36)/13 -> 41148812
M54: EXHIBIT NO 1
M55: CASE NO U-1006
M56: H J HOCHALTER
M57: PAGE OF
